 Dungeon Crawl Stone Soup version 0.32-a0-427-g448f42529f (webtiles) character file.

Game seed: 436256739853596212

1925885 Jannitor the Slayer (level 27, 275/279 HPs)
             Began as a Mountain Dwarf Chaos Knight on Feb 17, 2024.
             Was a Favourite Plaything of Xom.
             Escaped with the Orb
             ... and 4 runes on Feb 22, 2024!
             The game lasted 04:27:59 (104545 turns).

Jannitor the Slayer (Mountain Dwarf Chaos Knight) Turns: 104545, Time: 04:28:00

Health: 275/279    AC: 44    Str: 24    XL:     27
Magic:  42/42      EV:  8    Int: 26    God:    Xom [*.....]
Gold:   4357       SH: 15    Dex:  7    Spells: 4/56 levels left

rFire   + + +        v - +7 sceptre of Torment {pain, torment}
rCold   + + .        q - +2 kite shield {AC+3}
rNeg    + . .        o - +10 plate armour "Gozicel" {rF+++}
rPois   +            C - +3 crown of Dyrovepreva {rElec Int+2 SInv}
rElec   +            b - scarf {rC+ rF+}
rCorr   .            z - +2 pair of gloves "Jyarebb" {Str+5 Int+3}
SInv    +            x - +2 pair of boots "Kutirrio" {Slay+2}
Will    +++++        f - amulet of the Four Winds {rN+ Will+++ Clar} Stlth
                     j - ring "Taogeadgh" {rF+ rC+ Slay+4}
HPRegen 0.66/turn    X - ring of the Tick {rPois Will+}
MPRegen 0.28/turn

%: clarity
@: studying Shapeshifting
A: runic magic, artefact enchanting, antennae 1, iridescent scales 2, clumsy 1,
dopey 1, strong-willed 1, poison resistance, robust 1, wild magic 2, evolution
1, no potion heal 1
0: Orb of Zot
}: 4/15 runes: serpentine, barnacled, slimy, silver
a: Renounce Religion


You escaped.
You worshipped Xom.
You were a special plaything of Xom.
You visited 11 branches of the dungeon, and saw 55 of its levels.
You visited 1 bazaar.
You visited 1 ziggurat, and saw 9 of its levels.
You also visited: Sewer, Ossuary and Ice Cave.

You collected 11335 gold pieces.
You spent 6978 gold pieces at shops.

Inventory:

Hand Weapons
 v - the +7 sceptre of Torment (weapon) {pain, torment}
   (You found it on level 8 of a ziggurat)
Armour
 b - a scarf of resistance (worn)
 o - the +10 plate armour "Gozicel" (worn) {rF+++}
   (You took it off a vault guard on level 5 of the Vaults)

   rF+++:     It renders you almost immune to fire.
 q - a +2 kite shield of protection (worn)
 x - the +2 pair of boots "Kutirrio" (worn) {Slay+2}
   (You found it on level 3 of the Vaults)

   Slay+2:    It affects your accuracy & damage with ranged weapons and melee
   (+2).
 z - the +2 pair of gloves "Jyarebb" (worn) {Str+5 Int+3}
   (You found it in an ice cave)

   Str+5:     It affects your strength (+5).
   Int+3:     It affects your intelligence (+3).
 C - the +3 crown of Dyrovepreva (worn) {rElec Int+2 SInv}
   (You bought it in a shop in a bazaar)

   Int+2:     It affects your intelligence (+2).
   rElec:     It insulates you from electricity.
   SInv:      It lets you see invisible.
 J - the +2 pair of gloves "Sirphelaph" {-Tele rPois rCorr Stlth-}
   (You found it on level 1 of the Depths)

   rPois:     It protects you from poison -Tele: It prevents most forms of
   teleportation.
   rCorr:     It protects you from acid and corrosion.
   Stlth-:    It makes you less stealthy.
Magical Staves
 r - a staff of fire
 I - a staff of air
Jewellery
 a - the amulet "Goezaf" {RegenMP Will+ Regen+}
   (You found it on level 5 of the Pits of Slime)

   [amulet of magic regeneration]

   RegenMP:   It increases your rate of magic regeneration.
   Will+:     It increases your willpower.
   Regen+:    It increases your rate of health regeneration.
 f - the amulet of the Four Winds (around neck) {rN+ Will+++ Clar}
   (You took it off a deep elf zephyrmancer on level 3 of the Elven Halls)

   [amulet of nothing]

   rN+:       It protects you from negative energy.
   Will+++:   It greatly increases your willpower.
   Clar:      It protects you from confusion, rage, mesmerisation and fear.
 j - the ring "Taogeadgh" (left hand) {rF+ rC+ Slay+4}
   (You acquired it on level 13 of the Dungeon)

   [ring of slaying]

   Slay+4:    It affects your accuracy & damage with ranged weapons and melee
   (+4).
   rF+:       It protects you from fire.
   rC+:       It protects you from cold.
 X - the ring of the Tick (right hand) {rPois Will+}
   (You bought it in a shop on level 12 of the Dungeon)

   [ring of willpower]

   rPois:     It protects you from poison Will+: It increases your willpower.
Wands
 g - a wand of acid (4)
 k - a wand of digging (19)
 m - a wand of flame (52)
 t - a wand of mindburst (57)
 y - a wand of roots (59)
 P - a wand of polymorph (12)
 U - a wand of charming (44)
Scrolls
 d - 4 scrolls of teleportation
 h - 7 scrolls of poison
 l - 8 scrolls of amnesia
 p - 6 scrolls of revelation
 u - 2 scrolls of torment
 D - 5 scrolls of vulnerability
 R - 5 scrolls of fear
 T - 3 scrolls of silence
 V - 2 scrolls of fog
 W - 10 scrolls of immolation
 Y - 3 scrolls of enchant armour
Potions
 c - 3 potions of ambrosia
 e - 7 potions of brilliance
 n - 5 potions of might
 A - 2 potions of haste
 B - a potion of resistance
 E - 10 potions of cancellation
 G - 7 potions of mutation
 H - 9 potions of curing
 L - 5 potions of invisibility
 M - 5 potions of berserk rage
 O - 6 potions of enlightenment
 Q - 9 potions of lignification
 S - 9 potions of attraction
Miscellaneous
 i - a phantom mirror (inert)
 w - a lightning rod (4/4)
 F - a sack of spiders
 N - a phial of floods
 Z - a tin of tremorstones (2/2)


   Skills:
 - Level 22.1 Fighting
 - Level 6.8(10.9) Axes
 - Level 13.2(16.0) Maces & Flails
 - Level 12.0(14.1) Staves
 - Level 15.7 Armour
 - Level 4.8 Dodging
 - Level 18.3 Shields
 - Level 15.3 Spellcasting
 - Level 13.6 Conjurations
 - Level 4.9 Summonings
 + Level 15.2 Necromancy
 - Level 3.0 Translocations
 - Level 17.0 Fire Magic
 - Level 16.9 Air Magic
 - Level 4.0 Alchemy
 - Level 17.6 Evocations


You had 4 spell levels left.
You knew the following spells:

 Your Spells              Type           Power      Damage    Failure   Level
a - Scorch                Fire           100%       2d9       1%          2
b - Fireball              Conj/Fire      51%        3d20      1%          5
c - Flame Wave            Conj/Fire      100%       2d21      1%          4
d - Sticky Flame          Fire/Alch      88%        2d13      3%          4
e - Mephitic Cloud        Conj/Alch/Air  91%        N/A       1%          3
f - Summon Lightning Spi  Summ/Air       89%        N/A       3%          4
g - Arcjolt               Conj/Air       51%        1d61      1%          5
h - Plasma Beam           Fire/Air       53%        2x1d68    3%          6
i - Vhi's Electric Charg  Tloc/Air       100%       N/A       4%          4
j - Blink                 Tloc           100%       N/A       8%          2
k - Irradiate             Conj/Alch      40%        3d25      11%         5
l - Borgnjor's Revivific  Necr           51%        N/A       75%         8

Your spell library contained the following spells:

 Spells                   Type           Power      Damage    Failure   Level
 Foxfire                  Conj/Fire      100%       2x1d9     1%          1
 Kiss of Death            Conj/Necr      100%       2d13      1%          1
 Magic Dart               Conj           100%       1d8       1%          1
 Necrotise                Necr           100%       1d9       1%          1
 Shock                    Conj/Air       100%       1d9       1%          1
 Sting                    Conj/Alch      100%       1d9       1%          1
 Cigotuvi's Dreadful Rot  Necr/Alch/Air  100%       N/A       1%          2
 Mercury Vapours          Alch/Air       100%       N/A       1%          2
 Momentum Strike          Conj/Tloc      100%       3d10      1%          2
 Searing Ray              Conj           100%       2d8       1%          2
 Sublimation of Blood     Necr           100%       N/A       1%          2
 Fugue of the Fallen      Necr           100%       N/A       1%          3
 Swiftness                Air            100%       N/A       1%          3
 Vampiric Draining        Necr           100%       2d13      1%          3
 Volatile Blastmotes      Fire/Tloc      100%       2d18      1%          3
 Airstrike                Air            53%        2d(8-24)  1%          4
 Animate Dead             Necr           100%       N/A       1%          4
 Dispel Undead            Necr           100%       3d31      1%          4
 Inner Flame              Hex/Fire       80%        N/A       2%          3
 Summon Small Mammal      Summ           100%       N/A       3%          1
 Ignite Poison            Fire/Alch      88%        N/A       3%          4
 Martyr's Knell           Necr/Summ      86%        N/A       3%          4
 Summon Blazeheart Golem  Fire/Summ      89%        N/A       3%          4
 Call Imp                 Summ           100%       N/A       4%          2
 Hailstorm                Conj/Ice       73%        3d13      4%          3
 Stone Arrow              Conj/Erth      100%       3d13      4%          3
 Apportation              Tloc           100%       N/A       5%          1
 Fulminant Prism          Conj/Alch      40%        3d19      5%          4
 Iskenderun's Mystic Bla  Conj/Tloc      79%        2d16      6%          4
 Lesser Beckoning         Tloc           100%       N/A       8%          2
 Anguish                  Hex/Necr       38%        N/A       8%          4
 Brom's Barrelling Bould  Conj/Erth      73%        2d9       10%         4
 Gell's Gravitas          Tloc           55%        N/A       12%         3
 Teleport Other           Tloc           55%        N/A       12%         3
 Freeze                   Ice            100%       1d10      14%         1
 Summon Ice Beast         Ice/Summ       51%        N/A       14%         3
 Ensorcelled Hibernation  Hex/Ice        62%        N/A       19%         2
 Jinxbite                 Hex            62%        N/A       19%         2
 Olgreb's Toxic Radiance  Alch           60%        N/A       22%         4
 Frozen Ramparts          Ice            62%        1d10      32%         3
 Ozocubu's Armour         Ice            31%        N/A       32%         3
 Passwall                 Erth           31%        N/A       32%         3
 Sigil of Binding         Hex            31%        N/A       32%         3
 Tukima's Dance           Hex            31%        N/A       32%         3
 Manifold Assault         Tloc           55%        N/A       32%         4
 Passage of Golubria      Tloc           55%        N/A       32%         4
 Animate Armour           Summ/Erth      100%       N/A       38%         4
 Leda's Liquefaction      Alch/Erth      24%        N/A       43%         4
 Petrify                  Alch/Erth      48%        N/A       43%         4
 Cause Fear               Hex            15%        N/A       67%         4
 Curse of Agony           Necr           100%       N/A       1%          5
 Iskenderun's Battlesphe  Conj           98%        2d14      3%          5
 Conjure Ball Lightning   Conj/Air       51%        3x3d18    5%          6
 Death Channel            Necr           51%        N/A       5%          6
 Freezing Cloud           Conj/Ice/Air   43%        6-21      8%          5
 Borgnjor's Vile Clutch   Necr/Erth      38%        N/A       16%         5
 Orb of Destruction       Conj           49%        9d13      34%         7
 Alistair's Intoxication  Alch           40%        N/A       47%         5
 Summon Forest            Summ/Tloc      30%        N/A       47%         5
 Ignition                 Fire           54%        3d15      52%         8
 Yara's Violent Unravell  Hex/Alch       24%        3d11      73%         5
 Infestation              Necr           51%        N/A       75%         8
 Haunt                    Necr/Summ      43%        N/A       77%         7
 Spellforged Servitor     Conj/Summ      41%        N/A       86%         7
 Summon Cactus Giant      Summ           32%        N/A       87%         6
 Lee's Rapid Deconstruct  Erth           15%        3d10*     93%         5
 Metabolic Englaciation   Hex/Ice        15%        N/A       93%         5
 Eringya's Noxious Bog    Alch           30%        4d6       94%         6
 Sculpt Simulacrum        Ice/Alch       24%        N/A       99%         6
 Enfeeble                 Hex            15%        N/A       100%        7
 Malign Gateway           Summ/Tloc      30%        N/A       100%        7
 Ozocubu's Refrigeration  Ice            15%        4d10      100%        7
 Summon Hydra             Summ           32%        N/A       100%        7
 Discord                  Hex            15%        N/A       100%        8
 Disjunction              Tloc           27%        N/A       100%        8
 Lehudib's Crystal Spear  Conj/Erth      36%        10d9      100%        8
 Summon Horrible Things   Summ           32%        N/A       100%        8
 Death's Door             Necr           51%        N/A       100%        9
 Dragon's Call            Summ           32%        N/A       100%        9
 Shatter                  Erth           15%        3d15*     100%        9


Dungeon Overview and Level Annotations

Branches:
Dungeon (15/15)            Temple (0/1) D:6            Lair (5/5) D:9
 Shoals (4/4) Lair:3        Snake (4/4) Lair:3        Slime (5/5) Lair:4
    Orc (2/2) D:12            Elf (3/3) Orc:2        Vaults (5/5) D:14
  Crypt (3/3) Vaults:3       Tomb (0/3) Crypt:3      Depths (4/4) D:15
    Zot (5/5) Depths:4      Sewer (visited)         Ossuary (visited)
  IceCv (visited)

Altars:
Ashenzari
Cheibriados
Elyvilon
Fedhas
Gozag
Hepliaklqana
Makhleb
Sif Muna
Wu Jian
Xom
Yredelemnul
Beogh
Jiyva

Shops:
D:1 ?   D:10 !   D:11 *   D:12 =([?   Orc:1 [   Orc:2 *[(?   Elf:2 !
Elf:3 !*=*   Snake:3 ?   Vaults:1 (=   Vaults:3 ?((*

Portals:
Hell: Depths:1 Depths:2 Depths:3 Depths:4
Abyss: Depths:1 Depths:3
Pandemonium: Depths:1 Depths:2

Annotations:
Zot:1 1 transporter


Innate Abilities, Weirdness & Mutations

Your spellcasting is much less encumbered by armour.
You can use scrolls of enchantment on lesser artefacts.
You have a pair of small antennae on your head.
You are mostly covered in iridescent scales. (AC +4)
You are clumsy. (Dex -2)
You are dopey. (Int -2)
You are strong-willed. (Will+)
Your system is resistant to poisons. (rPois)
You are robust. (+10% HP)
Your spells are harder to cast, but more powerful.
You have hidden genetic potential.
Potions are less effective at restoring your health.


Message History

You block the hell beast's attack. x2
You barely miss the hell beast.
The hell beast is almost dead.
The hell beast bites you. You block the hell beast's attack.
You hammer the hell beast like a gong!!!
You kill the hell beast!
No target in view!
What level of the Dungeon? (default 1, ? - help) HP restored.
Magic restored.
There is a stone staircase leading up here.
You climb upwards.
There is a stone staircase leading down here.
You open the door.
There is an open door here.
Things that are here:
a +0 whip; a kobold skeleton An Orb Guardian comes into view.
The Orb Guardian moves out of view.
You see here a +0 club.
The Orb Guardian hits you but does no damage.
You bludgeon the Orb Guardian!!
The Orb Guardian writhes in agony.
The Orb Guardian is moderately wounded.
You block the Orb Guardian's attack.
You barely miss the Orb Guardian.
The Orb Guardian is moderately wounded.
The Orb Guardian closely misses you.
You hit the Orb Guardian.
The Orb Guardian writhes in agony!
The Orb Guardian is heavily wounded.
The Orb Guardian hits you!
You bludgeon the Orb Guardian!!
The Orb Guardian writhes in agony!
The Orb Guardian is almost dead.
The Orb Guardian hits you.
You puncture the Orb Guardian!
You kill the Orb Guardian!
No target in view!
There is an open door here.
A lorocyproca comes into view.
There is a staircase leading out of the dungeon here.
You have escaped!

.......>#.##########
#.#######..........#
#.# #..≈≈≈≈..ß.# #.#
#..........# #.#
#####.###### #.#
####'##### #.#
#........# #.#
#..2.....# #.#
#......@.# ..#
#........# ###
#........#
##########


You could see a lorocyproca (invisible).

Vanquished Creatures
  the Royal Jelly (Slime:5)
  5 dread liches
  11 ancient liches
  Khufu (Crypt:3)
  4 orbs of fire (Zot:5)
  The ghost of AgonHex the Hoplite, a veteran HOFi of Qazlal (Vaults:4)
  6 Killer Klowns
  6 curse toes
  Vashnia (Snake:2)
  Nikola (Snake:2)
  10 golden dragons
  A bone dragon (Depths:4)
  A pearl dragon (Zig:3)
  A shard shrike zombie (Crypt:3)
  2 electric golems (Zot:5)
  17 tentacled monstrosities
  An Ice Fiend (D:2)
  4 liches
  26 Orb Guardians
  5 titans
  6 deep elf blademasters
  A walking frostbound tome (Depths:4)
  Polyphemus (Shoals:3)
  Asterion (Vaults:1)
  7 quicksilver dragons
  2 deep elf master archers (Elf:3)
  11 sphinxes
  The ghost of Daef the Brawler, an adept TrSh of Qazlal (Depths:1)
  19 acid blobs
  5 ancient champions
  17 death cobs
  Agnes (Snake:3)
  9 shadow dragons
  Kirke (Shoals:1)
  4 tengu reavers
  5 rockslimes
  12 storm dragons
  9 azure jellies
  6 revenants
  4 nagarajas
  4 draconian monks
  Aizul (Snake:3)
  8 fire giants
  Ilsuiw (Shoals:2)
  An iron dragon (Depths:3)
  A nargun (Zig:8)
  5 draconian knights
  8 draconian shifters
  5 draconian scorchers
  10 deep elf sorcerers
  20 vault wardens
  6 ghost moths
  3 cacodemons (Depths:1)
  8 frost giants
  A balrug (Depths:3)
  2 orc warlords
  3 deep elf elementalists (Elf:3)
  Louise (Shoals:3)
  5 curse skulls
  A caustic shrike zombie (Crypt:1)
  12 draconian annihilators
  3 ghouls
  5 draconian stormcallers
  A quicksilver ooze (shapeshifter) (Depths:4)
  16 very ugly things
  15 formless jellyfish
  8 quicksilver oozes
  15 stone giants
  6 vampire knights
  19 ironbound preservers
  7 ironbound thunderhulks
  An apis (Zig:3)
  13 black draconians
  12 green draconians
  4 deep elf death magi
  4 dire elephants (Vaults:3)
  2 minotaurs (Shoals:4)
  3 deep elf annihilators (Elf:3)
  17 red draconians
  5 war gargoyles
  2 bunyips (Zot:2)
  A demonspawn black sun (Zig:9)
  13 yellow draconians
  5 wendigos
  20 white draconians
  4 deep elf demonologists
  20 purple draconians
  7 eidola
  5 merfolk javelineers
  10 ettins
  An ettin (shapeshifter) (Vaults:5)
  5 fire dragons
  A blizzard demon (Depths:1)
  5 merfolk impalers
  15 jiangshi
  3 deep elf high priests
  7 yaktaur captains
  A crystal guardian (Vaults:4)
  A rakshasa (Depths:3)
  2 entropy weavers (shapeshifter) (Depths:1)
  3 peacekeepers
  7 hydras
  2 salamander tyrants (Snake:4)
  37 vault guards
  5 great orbs of eyes
  7 catoblepae
  2 caustic shrike simulacra (IceCv)
  3 merfolk avatars
  2 hell beasts
  An ogre mage (D:15)
  6 death knights
  6 spriggan air magi
  2 ice dragons
  14 ironbound frosthearts
  11 anacondas
  An alligator snapping turtle (Lair:3)
  12 centaur warriors
  10 satyrs (Shoals:4)
  4 boulder beetles
  28 dancing weapons
  8 two-headed ogres
  21 death yaks
  Erica (D:9)
  16 naga warriors
  9 tengu warriors
  9 shock serpents
  A titan zombie (Crypt:1)
  8 vampire magi
  9 deep troll shamans
  A merfolk aquamancer (Shoals:2)
  8 naga sharpshooters
  10 deep troll earth magi
  18 hell knights
  A soul eater (Crypt:2)
  3 occultists
  11 deep elf knights
  11 spriggan berserkers
  An emperor scorpion zombie (Crypt:3)
  4 skysharks
  3 sun demons
  A titan skeleton (Crypt:3)
  The ghost of Mousus6 the Arsonist, a novice MDRe of Beogh (D:6)
  7 iron trolls
  10 salamander mystics
  2 shadow wraiths (Crypt:3)
  4 glowing orange brains
  71 deep trolls
  18 skeletal warriors
  A cherub (Zig:3)
  A mana viper (shapeshifter) (Vaults:1)
  15 mana vipers
  A shadow demon (Depths:2)
  2 spriggan simulacra (IceCv)
  2 arcanists
  6 sea snakes
  2 glowing orange brains (shapeshifter) (Vaults:1)
  9 flayed ghosts
  6 naga ritualists
  4 bog bodies
  An orb spider (shapeshifter) (Depths:1)
  An orange crystal statue (Zig:9)
  13 lindwurms
  5 necromancers
  11 phantasmal warriors
  12 deep elf archers (Elf:2)
  An obsidian statue (IceCv)
  A harpy (shapeshifter) (Depths:1)
  18 ironbound convokers
  A steelbarb worm (Zot:5)
  An eye of devastation (shapeshifter) (Vaults:1)
  18 deep elf zephyrmancers
  21 harpies
  7 orc knights
  A shadow dragon skeleton (Crypt:2)
  2 cyclopes
  An iron dragon zombie (Crypt:1)
  19 deep elf pyromancers
  6 shining eyes
  An oklob plant (Lair:2)
  14 manticores
  12 fauns
  22 ugly things
  2 shining eyes (shapeshifter)
  An orc sorcerer (Orc:2)
  A faun (shapeshifter) (Snake:2)
  A meliai (shapeshifter) (Depths:1)
  6 guardian serpents
  14 salamanders
  39 black mambas
  4 kobold blastminers
  11 naga magi
  A rust devil (Depths:1)
  20 moths of wrath
  14 elephants
  2 water nymphs
  2 torpor snails (shapeshifter)
  11 vault sentinels
  9 merfolk sirens
  A gargoyle (D:14)
  3 elephants (shapeshifter)
  An eye of devastation (Slime:4)
  A torpor snail (Lair:5)
  An ice statue (Zot:2)
  A smoke demon (Depths:3)
  8 cane toads
  32 yaktaurs
  4 large abominations (Elf:1)
  2 kobold demonologists
  A cane toad (shapeshifter) (Depths:1)
  2 hellions
  2 rime drakes
  An unseen horror (D:13)
  6 komodo dragons
  An unseen horror zombie (Crypt:1)
  25 freezing wraiths
  A dire elephant skeleton (Crypt:3)
  3 tengu conjurers
  2 ice devils (IceCv)
  A tormentor (Zig:8)
  A death yak skeleton (Crypt:3)
  An alligator snapping turtle skeleton (Crypt:2)
  2 golden dragon simulacra (IceCv)
  4 anaconda simulacra (IceCv)
  A harpy skeleton (Crypt:3)
  A hornet (shapeshifter) (Depths:1)
  8 hornets
  A hellwing (Zot:3)
  A guardian serpent zombie (Crypt:2)
  21 merfolk
  3 wind drakes
  8 trolls
  A dream sheep (shapeshifter) (Depths:3)
  2 alligator simulacra (IceCv)
  2 polar bears
  9 blink frogs
  An ice dragon zombie (Crypt:3)
  A stone giant simulacrum (Crypt:1)
  13 snapping turtles
  134 slime creatures
  3 dream sheep (Shoals:3)
  4 glass eyes
  59 yaks
  3 shadows
  An air elemental (Elf:2)
  2 dire elephant simulacra (IceCv)
  7 spriggans
  8 wyverns
  3 ynoxinuls
  A yak (shapeshifter) (D:15)
  15 water elementals
  A fire elemental (Elf:3)
  2 hogs (Shoals:1)
  A fire bat (D:9)
  13 wraiths
  4 humans (D:14)
  A neqoxec (D:2)
  5 basilisks
  A golden eye (Slime:3)
  9 vampire mosquitoes
  A chaos spawn (Zot:4)
  5 wargs
  A wind drake skeleton (Crypt:1)
  A redback (shapeshifter) (D:13)
  A swamp worm (shapeshifter) (Vaults:5)
  A deep troll zombie (Crypt:1)
  2 harpy simulacra (IceCv)
  40 nagas
  A hydra simulacrum (IceCv)
  2 acid dragons
  16 water moccasins
  36 orc warriors
  2 ice beasts
  3 black bears
  A black bear (shapeshifter) (Depths:1)
  An elephant zombie (D:6)
  A boggart (Vaults:2)
  2 ettin simulacra (IceCv)
  9 laughing skulls (Crypt:3)
  26 wolves
  8 ogres
  8 centaurs
  2 kobold brigands
  A hog skeleton (Crypt:3)
  2 phantoms
  A vine stalker zombie (Crypt:1)
  A fire crab zombie (Crypt:1)
  4 elf zombies
  3 earth elementals
  A brain worm (shapeshifter) (Depths:1)
  6 bullfrogs
  A gnoll sergeant (D:8)
  2 deep troll simulacra (IceCv)
  A warg zombie (Crypt:2)
  2 scorpions (D:7)
  6 wights
  9 killer bees
  3 lindwurm simulacra (IceCv)
  A wolf zombie (Crypt:3)
  5 electric eels
  6 howler monkeys
  A spriggan skeleton (Crypt:3)
  4 centaur zombies
  5 jellies
  4 hounds
  2 bombardier beetles
  27 orc priests
  3 human zombies (Ossuary)
  3 sleepcaps
  A gnoll bouda (D:6)
  Jessica (D:3)
  A human skeleton (Crypt:1)
  3 iguanas
  23 orc wizards
  2 scorpion zombies (D:6)
  A killer bee zombie (D:6)
  A naga zombie (Crypt:2)
  An ogre zombie (D:6)
  An acid dragon skeleton (Crypt:2)
  2 crocodile zombies (Ossuary)
  2 hound zombies (D:6)
  7 mummies
  12 gnolls
  9 adders
  2 river rats (Sewer)
  2 shadow imps (D:4)
  2 white imps
  2 ufetubi (D:7)
  7 adder zombies
  A lava snake zombie (Crypt:3)
  4 dart slugs
  A ribbon worm (D:5)
  122 orcs
  12 bats
  17 endoplasms
  8 giant cockroaches
  3 gnoll zombies (Ossuary)
  7 goblins
  4 hobgoblins
  14 kobolds
  9 quokkas
  5 ball pythons
  5 ball python zombies
  An endoplasm zombie (Crypt:3)
  4 frilled lizards
  A frilled lizard skeleton (Crypt:1)
  4 jackal zombies
  6 kobold zombies (Ossuary)
  5 rats
  A rat zombie (Crypt:1)
  A spectral goblin (D:3)
2471 creatures vanquished.

Vanquished Creatures (collateral kills)
  A Brimstone Fiend (Zig:9)
  A tentacled monstrosity (Vaults:5)
  A storm dragon (Vaults:5)
  A shadow dragon (Vaults:5)
  2 fire giants
  An orc warlord (Orc:1)
  A demonspawn corrupter (Zig:9)
  2 ironbound preservers
  A ghoul (Crypt:1)
  A stone giant (Depths:3)
  A vampire knight (Crypt:1)
  A yellow draconian (Zot:4)
  2 ettins
  A crystal guardian (Vaults:4)
  A fire dragon (Depths:3)
  A vault guard (Vaults:5)
  A salamander tyrant (Depths:4)
  A death knight (Crypt:2)
  A death yak (Lair:5)
  A deep troll earth mage (Depths:2)
  A naga sharpshooter (Snake:1)
  A shock serpent (Snake:1)
  A salamander mystic (Depths:4)
  A deep troll (Vaults:3)
  An orc knight (Vaults:1)
  A necromancer (Depths:3)
  A salamander (Depths:4)
  An ugly thing (D:14)
  A faun (Shoals:2)
  2 elephants (Lair:3)
  A vault sentinel (Vaults:3)
  A torpor snail (Lair:2)
  A cane toad (Lair:3)
  A rime drake (Lair:1)
  A shock serpent skeleton (Crypt:2)
  A yaktaur (Vaults:5)
  A freezing wraith (IceCv)
  A polar bear (Lair:2)
  A hornet (Depths:4)
  2 blink frogs (Lair:1)
  2 slime creatures
  2 wraiths
  6 yaks (D:9)
  An acid dragon (D:8)
  A black bear (Lair:1)
  2 ettin simulacra (IceCv)
  A weeping skull (Ossuary)
  2 bullfrogs
  2 elf zombies (Ossuary)
  3 wights
  A lindwurm simulacrum (IceCv)
  A centaur zombie (Ossuary)
  An orc priest (Orc:2)
  2 adders (D:3)
  A ribbon worm (D:4)
  3 orcs
  A gnoll zombie (Ossuary)
  A bat (D:9)
  A kobold zombie (Ossuary)
  A spectral weapon (Zot:4)
80 creatures vanquished.

Vanquished Creatures (others)
  An eldritch tentacle (D:12)
  3 rockslimes (Slime:5)
  A black draconian (Zot:5)
  A yellow draconian (Zot:5)
  2 dancing weapons
  A bog body (Crypt:1)
  A deep elf pyromancer (Elf:2)
  A lindwurm (Vaults:3)
  An ugly thing (D:14)
  A salamander (Depths:4)
  A rime drake (Lair:1)
  A slime creature (Slime:5)
  A yak (Lair:5)
  A human (Shoals:1)
  A wight (D:8)
  An orc priest (D:7)
  A hound (D:4)
  A ball python (D:3)
  A bat (D:3)
22 creatures vanquished.

Grand Total: 2573 creatures vanquished

Notes
Turn   | Place    | Note
-------+----------+-------------------------------------------
     0 | D:1      | Jannitor the Mountain Dwarf Chaos Knight began the quest
                  | for the Orb.
     0 | D:1      | Reached XP level 1. HP: 19/19 MP: 1/1
    14 | D:1      | XOM: divination: detect creatures
    52 | D:1      | XOM: silly message
   107 | D:1      | XOM: enchant monster (good)
   109 | D:1      | Reached XP level 2. HP: 26/26 MP: 2/2
   110 | D:1      | Reached skill level 1 in Dodging
   282 | D:1      | Found The Oracle's Delphic Readings.
   493 | D:1      | Reached XP level 3. HP: 30/31 MP: 3/3
   857 | D:2      | XOM: polymorph rat -> bombardier beetle
   990 | D:2      | Reached XP level 4. HP: 39/40 MP: 4/4
  1166 | D:2      | XOM: god gift: 844 gold pieces
  1255 | D:1      | Bought a scroll of teleportation for 30 gold pieces
  1255 | D:1      | Bought a scroll of blinking for 75 gold pieces
  1368 | D:2      | Reached skill level 4 in Fighting
  1717 | D:3      | Found a faded altar of an unknown god.
  1749 | D:3      | Noticed a black bear
  1764 | D:3      | XOM: divine lightning
  1767 | D:3      | XOM: cast spell 'Metabolic Englaciation'
  1776 | D:3      | Killed a black bear
  1777 | D:3      | Reached XP level 5. HP: 26/47 MP: 5/5
  1867 | D:3      | XOM: 2-stop teleportation journey
  1900 | D:3      | Noticed Jessica
  1908 | D:3      | Killed Jessica
  1909 | D:3      | Reached skill level 5 in Axes
  2004 | D:3      | XOM: scenery: summon butterflies
  2029 | D:3      | XOM: summons friendly iron imp
  2205 | D:3      | XOM: cloud trail
  2215 | D:3      | Noticed an ogre
  2217 | D:3      | XOM: chaos upgrade
  2352 | D:4      | XOM: noise
  2354 | D:4      | XOM: smoke on damage
  2365 | D:4      | Reached XP level 6. HP: 37/53 MP: 6/6
  2495 | D:4      | XOM: enchant monster (good)
  2632 | D:4      | Found a sand-covered staircase.
  2639 | Ossuary  | Entered an ossuary
  2661 | Ossuary  | XOM: cloud trail
  2707 | Ossuary  | XOM: summons friendly ufetubus
  2712 | Ossuary  | Reached skill level 5 in Fighting
  2718 | Ossuary  | Reached XP level 7. HP: 33/61 MP: 7/7
  2816 | Ossuary  | XOM: enchant monster (good)
  2864 | Ossuary  | Reached skill level 5 in Armour
  2996 | Ossuary  | XOM: cloud trail
  3665 | D:4      | XOM: smoke on damage
  3680 | D:4      | Reached skill level 6 in Fighting
  3680 | D:4      | Reached XP level 8. HP: 39/70 MP: 8/8
  4240 | D:5      | Entered Level 5 of the Dungeon
  4342 | D:5      | XOM: god gift: 526 gold pieces
  4374 | D:5      | XOM: 2-stop teleportation journey
  4482 | D:4      | XOM: silly message
  4771 | D:5      | XOM: silly message
  4773 | D:5      | XOM: 1-stop teleportation journey
  4883 | D:5      | Found a hazy altar of Hepliaklqana.
  4885 | D:5      | XOM: confusion
  4894 | D:5      | Reached skill level 1 in Staves
  4894 | D:5      | Reached skill level 1 in Fire Magic
  4894 | D:5      | Reached skill level 1 in Evocations
  4950 | D:5      | Learned a level 2 spell: Scorch
  5080 | D:5      | XOM: give mutation
  5080 | D:5      | Gained mutation: You are strong-willed. (Will+) [Xom's
                  | mischief]
  5162 | D:5      | Found a shimmering blue altar of Sif Muna.
  5190 | D:5      | Found a shimmering altar of Xom.
  5256 | D:6      | Found a runed translucent gate.
  5259 | D:6      | Found a runed translucent gate.
  5260 | D:6      | Found a runed translucent gate.
  5261 | D:6      | Noticed Mousus6's ghost (novice MDRe)
  5348 | D:6      | Reached skill level 1 in Shields
  5350 | D:6      | XOM: potion effect (invisibility)
  5442 | D:6      | Found a glowing drain.
  5456 | Sewer    | Entered a sewer
  5573 | Sewer    | Reached XP level 9. HP: 76/78 MP: 7/9
  5654 | Sewer    | Found a viscous altar of Jiyva.
  5684 | Sewer    | XOM: divination: detect creatures
  5745 | Sewer    | XOM: silly message
  5795 | D:6      | XOM: potion effect (haste)
  5936 | D:6      | Found a basalt altar of Yredelemnul.
  5945 | D:6      | XOM: potion effect (invisibility)
  5959 | D:6      | XOM: potion effect (heal wounds)
  5973 | D:6      | Reached skill level 7 in Fighting
  5992 | D:6      | Reached skill level 1 in Spellcasting
  6002 | D:6      | XOM: silly message
  6019 | D:6      | XOM: divination: magic mapping
  6030 | D:6      | Identified the +6 long sword "Liguss" {freeze, *Rage rElec
                  | rC+}
  6140 | D:6      | XOM: divination: magic mapping
  6247 | D:6      | Found a staircase to the Ecumenical Temple.
  6317 | D:6      | XOM: torment (34/79 hp)
  6835 | D:7      | XOM: fog
  6989 | D:7      | Found a snail-covered altar of Cheibriados.
  7015 | D:7      | XOM: give mutations
  7015 | D:7      | Gained mutation: Your spells are a little harder to cast,
                  | but a little more powerful. [Xom's mischief]
  7015 | D:7      | Gained mutation: You are somewhat resistant to further
                  | mutation. [Xom's mischief]
  7015 | D:7      | Gained mutation: You are dopey. (Int -2) [Xom's mischief]
  7422 | D:7      | XOM: divination: magic mapping
  7454 | D:7      | XOM: god gift: 55 gold pieces
  7502 | D:7      | XOM: give mutation
  7502 | D:7      | Lost mutation: You are somewhat resistant to further
                  | mutation. [Xom's mischief]
  7558 | D:7      | XOM: give mutations
  7558 | D:7      | Gained mutation: You have hidden genetic potential. [Xom's
                  | mischief]
  7558 | D:7      | Gained mutation: You expend magic power (3 MP) to
                  | strengthen your wands. [Xom's mischief]
  7558 | D:7      | Lost mutation: Your spells are a little harder to cast, but
                  | a little more powerful. [Xom's mischief]
  7558 | D:7      | Gained mutation: Your muscles are strong. (Str +4, Int/Dex
                  | -1) [Xom's mischief]
  8020 | D:7      | Reached XP level 10. HP: 71/88 MP: 11/13
  8187 | D:8      | XOM: divination: magic mapping
  8244 | D:6      | XOM: cloud trail
  8557 | D:8      | XOM: smoke on damage
  8586 | D:7      | XOM: god gift: 2 datura-tipped darts
  8655 | D:8      | XOM: summons 4 friendly demons
  8898 | D:7      | Learned a level 5 spell: Fireball
  8933 | D:8      | XOM: 2-stop teleportation journey
  8938 | D:8      | Reached skill level 5 in Fire Magic
  8945 | D:8      | Reached skill level 8 in Fighting
  9023 | D:8      | XOM: silly message
  9189 | D:8      | Found a burning altar of Makhleb.
  9565 | D:8      | XOM: enchant monster (good)
 10036 | D:8      | XOM: divination: detect creatures
 10075 | D:8      | XOM is BORED!
 10244 | D:9      | Reached skill level 5 in Staves
 10244 | D:9      | Reached skill level 1 in Conjurations
 10294 | D:9      | XOM: silly message
 10307 | D:9      | Found a runed translucent door.
 10331 | D:9      | XOM: summons friendly iron imp
 10531 | D:9      | Noticed a smoke demon
 10543 | D:9      | Reached skill level 5 in Shields
 10547 | D:9      | Gained mutation: You are partially covered in large bone
                  | plates. (SH +4) [hidden potential]
 10724 | D:9      | XOM: give mutations
 10724 | D:9      | Gained mutation: You have large cloven feet. [Xom's grace]
 10724 | D:9      | Gained mutation: Your natural rate of healing is unusually
                  | fast. [Xom's grace]
 10820 | D:9      | XOM: confuse monster(s)
 10865 | D:9      | XOM: noise
 10930 | D:9      | Found a staircase to the Lair.
 10933 | D:9      | XOM: confusion (+ monsters)
 10964 | D:9      | XOM: destruction
 10977 | D:9      | XOM: enchant monster (good)
 10998 | D:9      | XOM: cast spell 'Summon Ice Beast'
 11000 | D:9      | XOM: cast spell 'Chain of Chaos'
 11005 | D:9      | XOM: scenery: create altars
 11008 | D:9      | Reached XP level 11. HP: 89/95 MP: 16/16
 11049 | D:9      | XOM: chaos upgrade
 11111 | D:9      | Noticed Erica
 11111 | D:9      | XOM: noise
 11117 | D:9      | Noticed a deep elf pyromancer
 11299 | Lair:1   | Entered Level 1 of the Lair of Beasts
 11300 | Lair:1   | XOM: cleaving
 11307 | Lair:1   | XOM: enchant monster (good)
 11314 | Lair:1   | Reached skill level 9 in Fighting
 11319 | Lair:1   | XOM: noise
 11336 | Lair:1   | Gained mutation: You have hoof-like feet. [hidden
                  | potential]
 11336 | Lair:1   | Lost mutation: You have hidden genetic potential. [hidden
                  | potential expressed]
 11409 | Lair:1   | XOM: blink monster(s)
 11608 | Lair:1   | XOM: cloud trail
 11653 | Lair:1   | XOM: scenery: summon butterflies
 11755 | Lair:1   | XOM: confuse monster(s)
 11764 | Lair:1   | XOM: summons 2 friendly demons
 11774 | Lair:1   | XOM: summons 4 friendly demons
 11779 | Lair:1   | XOM: blink monster(s)
 11968 | Lair:1   | XOM: summons 5 friendly demons
 12397 | Lair:2   | XOM: give mutation
 12397 | Lair:2   | Gained mutation: You are partially covered in iridescent
                  | scales. (AC +2) [Xom's grace]
 12443 | Lair:2   | Learned a level 4 spell: Flame Wave
 12456 | Lair:2   | Noticed an oklob plant
 12606 | Lair:2   | XOM: god gift: 38 gold pieces
 12689 | Lair:2   | XOM: confuse monster(s)
 12712 | Lair:2   | XOM: divination: detect creatures
 12898 | Lair:2   | XOM: enchant monster (good)
 12913 | Lair:2   | XOM: god gift: Apin's Encyclopedia of the Gathered Wyrd
                  | {god gift}
 12922 | Lair:2   | Got Apin's Encyclopedia of the Gathered Wyrd {god gift}
 12945 | Lair:2   | XOM: potion effect (might)
 12957 | Lair:2   | XOM: divination: detect creatures
 12998 | Lair:2   | XOM: silly message
 13072 | Lair:2   | XOM: noise
 13087 | Lair:2   | XOM: silly message
 13093 | Lair:2   | a yak changed into a boulder beetle
 13093 | Lair:2   | Noticed a boulder beetle
 13093 | Lair:2   | XOM: polymorph yak -> boulder beetle
 13095 | Lair:2   | a boulder beetle changed into an elephant
 13095 | Lair:2   | XOM: polymorph boulder beetle -> elephant
 13163 | Lair:2   | XOM: give mutation
 13163 | Lair:2   | Lost mutation: Your muscles are strong. (Str +4, Int/Dex
                  | -1) [Xom's mischief]
 13585 | Lair:2   | XOM: noise
 13588 | Lair:2   | Killed an oklob plant
 13589 | Lair:2   | Reached XP level 12. HP: 106/106 MP: 10/19
 13674 | Lair:2   | Reached skill level 5 in Spellcasting
 13702 | Lair:3   | XOM: polymorph elephant -> elephant
 14063 | Lair:3   | Found a staircase to the Shoals.
 14097 | Lair:3   | XOM: repel stairs
 14117 | Lair:3   | Reached skill level 10 in Fighting
 14238 | Lair:3   | XOM: summons 3 hostile shadow creatures
 14239 | Lair:3   | Noticed a five-headed hydra
 14282 | Lair:3   | XOM: summons 6 friendly demons
 14333 | Lair:3   | XOM: blink monster(s)
 14339 | Lair:2   | XOM: summons 12 friendly demons
 14466 | Lair:3   | XOM: give mutation
 14466 | Lair:3   | Gained mutation: You are frail. (-10% HP) [Xom's mischief]
 14509 | Lair:3   | XOM: polymorph yak -> skyshark
 14643 | Lair:3   | XOM: enchant monster (bad)
 14665 | Lair:3   | Reached skill level 5 in Conjurations
 14728 | Lair:3   | Noticed a seven-headed hydra
 14783 | Lair:3   | XOM: silly message
 14971 | Lair:3   | XOM: give mutations
 14971 | Lair:3   | Lost mutation: You are partially covered in iridescent
                  | scales. (AC +2) [Xom's mischief]
 14971 | Lair:3   | Lost mutation: You expend magic power (3 MP) to strengthen
                  | your wands. [Xom's mischief]
 15006 | Lair:3   | XOM: polymorph yak -> water moccasin
 15010 | Lair:3   | XOM: summons 7 hostile demons
 15018 | Lair:3   | XOM: polymorph crimson imp -> ufetubus
 15072 | Lair:3   | XOM: enchant monster (good)
 15137 | Lair:3   | Found a staircase to the Snake Pit.
 15420 | Lair:3   | XOM: 6-stop teleportation journey
 15506 | Lair:3   | XOM: confuse monster(s)
 15508 | Lair:3   | XOM: enchant monster (bad)
 15521 | Lair:3   | Killed a seven-headed hydra
 15738 | Lair:3   | XOM: give mutations
 15738 | Lair:3   | Gained mutation: Your spells are a little harder to cast,
                  | but a little more powerful. [Xom's mischief]
 15738 | Lair:3   | Lost mutation: Your natural rate of healing is unusually
                  | fast. [Xom's mischief]
 15738 | Lair:3   | Gained mutation: You are resistant to electric shocks.
                  | (rElec) [Xom's mischief]
 15738 | Lair:3   | Lost mutation: You are frail. (-10% HP) [Xom's mischief]
 16010 | Lair:4   | XOM: silly message
 16032 | Lair:4   | XOM: divination: detect creatures
 16034 | Lair:4   | XOM: summons friendly shadow imp
 16058 | Lair:3   | XOM: enchant monster (good)
 16190 | Lair:3   | Reached XP level 13. HP: 91/114 MP: 10/21
 16191 | Lair:3   | XOM: scenery: summon butterflies
 16565 | D:9      | Killed Erica
 16860 | D:9      | XOM: scenery: create altars
 16873 | D:9      | XOM: stat loss: -1 Dex (8/9)
 16926 | D:9      | Found a white marble altar of Elyvilon.
 16958 | D:9      | XOM: confusion
 16965 | D:9      | XOM: blink monster(s)
 16974 | D:9      | XOM: enchant monster (good)
 17012 | D:9      | Identified the ring "Wieqoeha" {Wiz *Corrode rF+ Str+2}
 17103 | D:9      | Found a white marble altar of Elyvilon.
 17103 | D:9      | Found a broken altar of Ashenzari.
 17120 | D:9      | Found a shimmering altar of Xom.
 17154 | D:9      | Found a snail-covered altar of Cheibriados.
 17193 | D:9      | Found a broken altar of Ashenzari.
 17397 | D:10     | Entered Level 10 of the Dungeon
 17485 | D:10     | Reached skill level 11 in Fighting
 17843 | D:10     | XOM: scenery: summon butterflies
 17856 | D:10     | XOM: fog
 17857 | D:10     | XOM: cleaving
 17990 | D:10     | Found Nimm's Distillery.
 18000 | D:10     | Reached skill level 10 in Armour
 18112 | D:10     | Bought a potion of mutation for 120 gold pieces
 18112 | D:10     | Bought a potion of berserk rage for 75 gold pieces
 18112 | D:10     | Bought a potion of might for 60 gold pieces
 18112 | D:10     | Bought a potion of brilliance for 60 gold pieces
 18112 | D:10     | Bought a potion of curing for 45 gold pieces
 18112 | D:10     | Bought a potion of curing for 45 gold pieces
 18112 | D:10     | Bought a potion of attraction for 45 gold pieces
 18388 | D:11     | XOM: noise
 18428 | D:11     | XOM: summons friendly iron imp
 18445 | D:11     | XOM: polymorph iron imp -> ufetubus
 18496 | D:11     | XOM: summons 1 hostile shadow creature
 18700 | D:11     | Found Lidaad's Assorted Antiques.
 18703 | D:11     | Bought a cloak for 135 gold pieces
 18770 | D:11     | XOM: scenery: create altars
 18975 | D:11     | XOM is BORED!
 19770 | D:11     | Reached skill level 10 in Fire Magic
 20016 | D:12     | XOM: fog
 20040 | D:11     | XOM: smoke on damage
 20128 | D:12     | XOM: cast spell 'Malign Gateway'
 20149 | D:12     | Found a roughly hewn altar of Beogh.
 20149 | D:12     | Found a staircase to the Orcish Mines.
 20249 | D:12     | XOM: give mutation
 20249 | D:12     | Gained mutation: You have a beak for a mouth. [Xom's grace]
 20264 | Orc:1    | Entered Level 1 of the Orcish Mines
 20271 | Orc:1    | Noticed an orc warlord
 20603 | Orc:1    | Found Nurimay's Antique Armour Emporium.
 20611 | Orc:1    | Bought a runed scarf for 248 gold pieces
 20749 | Orc:1    | Killed an orc warlord
 20800 | Orc:1    | XOM: cloud trail
 21040 | Orc:1    | You fall into a shaft and drop 1 floor!
 21040 | Orc:2    | Entered Level 2 of the Orcish Mines
 21040 | Orc:2    | Found a staircase to the Elven Halls.
 21187 | Orc:2    | Learned a level 4 spell: Sticky Flame
 21243 | Orc:2    | XOM: give mutation
 21243 | Orc:2    | Gained mutation: You possess an exceptional clarity of
                  | mind. [Xom's grace]
 21330 | Orc:2    | Found a roughly hewn altar of Beogh.
 21341 | Orc:2    | Found Obuuwn's Magic Scroll Boutique.
 21413 | Orc:2    | Bought a scroll of blinking for 90 gold pieces
 21413 | Orc:2    | Bought a scroll of summoning for 114 gold pieces
 21413 | Orc:2    | Bought a scroll of revelation for 90 gold pieces
 21700 | Orc:2    | XOM: god gift: 882 gold pieces
 21755 | Orc:2    | Noticed a fire dragon
 21755 | Orc:2    | a fire dragon changed into an elephant
 21755 | Orc:2    | XOM: polymorph fire dragon -> elephant
 21765 | Orc:2    | XOM: confuse monster(s)
 21775 | Orc:2    | XOM: 1-stop teleportation journey
 21856 | Orc:2    | Reached XP level 14. HP: 108/125 MP: 14/24
 21941 | Orc:2    | XOM: give mutation
 21941 | Orc:2    | Gained mutation: Armour fits poorly on your strangely
                  | shaped body. [Xom's mischief]
 22091 | Orc:2    | Found a roughly hewn altar of Beogh.
 22095 | Orc:2    | Found Guiseu's General Store.
 22106 | Orc:2    | Bought a scroll of summoning for 114 gold pieces
 22106 | Orc:2    | Bought a potion of curing for 36 gold pieces
 22106 | Orc:2    | Bought a scroll of teleportation for 36 gold pieces
 22153 | Orc:2    | XOM: scenery: summon butterflies
 22210 | Orc:2    | XOM: summons friendly quasit
 22476 | Orc:2    | Noticed an orc warlord
 22482 | Orc:2    | XOM: enchant monster (good)
 22588 | Orc:2    | XOM: divination: detect creatures
 22594 | Orc:2    | Killed an orc warlord
 22595 | Orc:2    | Reached skill level 10 in Staves
 22695 | Orc:2    | XOM: summons friendly shadow imp
 22762 | Orc:2    | XOM: give mutation
 22762 | Orc:2    | Gained mutation: You are mostly covered in large bone
                  | plates. (SH +6) [Xom's grace]
 23033 | Orc:2    | Found Rem Some's Antique Weapon Emporium.
 23034 | Orc:2    | Found a roughly hewn altar of Beogh.
 23038 | Orc:2    | Found Sackifie's Antique Armour Shoppe.
 23045 | Orc:2    | Bought an encrusted scale mail for 189 gold pieces
 23045 | Orc:2    | Identified the +3 scale mail of Daovuana {Slay+2} (You
                  | bought it in a shop on level 2 of the Orcish Mines)
 23179 | D:12     | XOM: silly message
 23188 | D:12     | Found Qasyni's Armour Emporium.
 23190 | D:12     | Found Qeuraj's Magic Scroll Emporium.
 23192 | D:12     | Found Semeutees's Weapon Emporium.
 23199 | D:12     | Bought a scroll of acquirement for 624 gold pieces
 23199 | D:12     | Acquired 726 gold pieces
 23202 | D:12     | Found Cideddat's Jewellery Emporium.
 23324 | D:12     | Bought the +7 ring mail of the Orcish Mines {Rampage Regen+
                  | Dex+2 SInv} for 870 gold pieces
 23402 | D:12     | Upgraded the game from 0.32-a0-338-g4f8ebfe289 to
                  | 0.32-a0-355-ged53ad6fd3
 23577 | D:12     | XOM: swap monsters
 23737 | D:12     | XOM: chaos upgrade
 23901 | D:12     | XOM: summons 1 hostile shadow creature
 23962 | D:12     | XOM: enchant monster (bad)
 24155 | D:12     | Reached skill level 12 in Fighting
 24208 | D:12     | Found a roughly hewn altar of Beogh.
 24822 | Lair:4   | XOM: 5-stop teleportation journey
 24857 | Lair:4   | XOM: 3-stop teleportation journey
 24869 | Lair:4   | Reached skill level 10 in Shields
 25029 | Lair:4   | XOM: give mutations
 25029 | Lair:4   | Gained mutation: Your spells are harder to cast, but more
                  | powerful. [Xom's mischief]
 25029 | Lair:4   | Lost mutation: You have hoof-like feet. [Xom's mischief]
 25029 | Lair:4   | Lost mutation: Armour fits poorly on your strangely shaped
                  | body. [Xom's mischief]
 25029 | Lair:4   | Gained mutation: You are clumsy. (Dex -2) [Xom's mischief]
 25315 | Lair:4   | XOM: give mutations
 25315 | Lair:4   | Lost mutation: You have a beak for a mouth. [Xom's
                  | mischief]
 25315 | Lair:4   | Lost mutation: You possess an exceptional clarity of mind.
                  | [Xom's mischief]
 25315 | Lair:4   | Gained mutation: Your muscles are strong. (Str +4, Int/Dex
                  | -1) [Xom's mischief]
 25315 | Lair:4   | Lost mutation: You are mostly covered in large bone plates.
                  | (SH +6) [Xom's mischief]
 25356 | Lair:4   | XOM: scenery: summon butterflies
 25387 | Lair:4   | XOM: destruction
 25409 | Lair:3   | XOM: polymorph death yak -> alligator snapping turtle
 25695 | Lair:4   | Found a viscous altar of Jiyva.
 25695 | Lair:4   | Found a staircase to the Slime Pits.
 25787 | Lair:4   | XOM: god gift: wand of flame (6)
 25823 | Lair:4   | XOM: give mutations
 25823 | Lair:4   | Gained mutation: You are partially covered in iridescent
                  | scales. (AC +2) [Xom's grace]
 25823 | Lair:4   | Gained mutation: Your system is resistant to poisons.
                  | (rPois) [Xom's grace]
 25823 | Lair:4   | Gained mutation: Your flesh is heat resistant. (rF+) [Xom's
                  | grace]
 25899 | Lair:4   | XOM: give mutations
 25899 | Lair:4   | Gained mutation: You are mostly covered in iridescent
                  | scales. (AC +4) [Xom's grace]
 25899 | Lair:4   | Lost mutation: You are dopey. (Int -2) [Xom's grace]
 25991 | Lair:5   | Entered Level 5 of the Lair of Beasts
 26043 | Lair:5   | XOM: give mutation
 26043 | Lair:5   | Gained mutation: You are completely covered in iridescent
                  | scales. (AC +6) [Xom's grace]
 26179 | Lair:5   | XOM: summons 2 friendly demons
 26187 | Lair:5   | XOM: 7-stop teleportation journey
 26439 | Lair:5   | XOM: destruction
 26443 | Lair:5   | XOM: give mutation
 26443 | Lair:5   | Lost mutation: You are completely covered in iridescent
                  | scales. (AC +6) [Xom's mischief]
 26460 | Lair:5   | XOM: enchant monster (bad)
 26632 | Lair:5   | XOM: scenery: summon butterflies
 26780 | Lair:5   | XOM: god gift: wand of polymorph (8)
 26796 | Lair:5   | Identified the maw talisman of the True Pharaoh {rC+}
 27100 | Lair:5   | XOM: summons friendly ufetubus
 27121 | Lair:5   | XOM: divination: magic mapping
 27123 | Lair:5   | XOM: swap monsters
 27127 | Lair:5   | XOM: noise
 27132 | Lair:5   | XOM: noise
 27135 | Lair:5   | XOM: confuse monster(s)
 27418 | Lair:5   | Identified the +3 broad axe "Roudereu" {venom, Stlth+}
 27455 | Lair:5   | XOM: 2-stop teleportation journey
 27464 | Lair:5   | XOM: noise
 27621 | Lair:5   | XOM: divination: detect items
 27700 | Lair:5   | XOM: polymorph death yak -> yaktaur
 27702 | Lair:5   | Reached XP level 15. HP: 134/134 MP: 10/26
 27834 | Lair:5   | XOM: cleaving
 28396 | D:12     | Bought a +2 helmet of intelligence for 344 gold pieces
 28409 | D:12     | Bought a scroll of teleportation for 36 gold pieces
 28409 | D:12     | Bought a scroll of identify for 24 gold pieces
 28413 | D:12     | Reached XP level 16. HP: 141/141 MP: 26/28
 28418 | D:12     | Learned a level 3 spell: Mephitic Cloud
 28617 | D:13     | XOM: 4-stop teleportation journey
 28660 | D:13     | XOM: cloud trail
 28719 | D:13     | XOM: enchant monster (good)
 28811 | D:13     | XOM: stat loss: -1 Dex (7/8)
 28901 | D:13     | XOM: summons 3 hostile demons
 29139 | D:13     | Reached skill level 1 in Alchemy
 29776 | D:13     | XOM is BORED!
 29811 | D:13     | Found a shimmering blue altar of Sif Muna.
 29906 | D:13     | Acquired the ring "Taogeadgh" {rF+ rC+ Slay+4}
 30072 | D:14     | XOM: enchant monster (good)
 30163 | D:14     | XOM: give mutations
 30163 | D:14     | Lost mutation: Your flesh is heat resistant. (rF+) [Xom's
                  | mischief]
 30163 | D:14     | Lost mutation: Your spells are harder to cast, but more
                  | powerful. [Xom's mischief]
 30358 | D:14     | Found an ornate altar of the Wu Jian Council.
 30677 | D:14     | Reached skill level 13 in Fighting
 30788 | D:14     | XOM: give mutations
 30788 | D:14     | Gained mutation: You are dopey. (Int -2) [Xom's mischief]
 30788 | D:14     | Lost mutation: Your system is resistant to poisons. (rPois)
                  | [Xom's mischief]
 30788 | D:14     | Lost mutation: Your muscles are strong. (Str +4, Int/Dex
                  | -1) [Xom's mischief]
 30788 | D:14     | Lost mutation: You are dopey. (Int -2) [Xom's mischief]
 31124 | D:14     | Found a gate to the Vaults.
 31162 | D:14     | XOM: cloud trail
 31263 | D:14     | XOM: give mutations
 31263 | D:14     | Gained mutation: You have a pair of small horns on your
                  | head. [Xom's grace]
 31263 | D:14     | Gained mutation: A frigid envelope surrounds you and
                  | freezes all who hurt you. [Xom's grace]
 31263 | D:14     | Lost mutation: You are clumsy. (Dex -2) [Xom's grace]
 31302 | D:14     | XOM: god gift: 40 gold pieces
 31490 | D:15     | Entered Level 15 of the Dungeon
 31876 | D:15     | XOM: enchant monster (good)
 32048 | D:15     | XOM: chaos upgrade
 32050 | D:15     | XOM: summons 9 hostile demons
 32203 | D:15     | XOM: enchant monster (bad)
 32869 | D:15     | Found a staircase to the Depths.
 33162 | D:10     | XOM is BORED!
 33162 | D:10     | XOM: noise
 33256 | Shoals:1 | Entered Level 1 of the Shoals
 33341 | Shoals:1 | Noticed Kirke
 33342 | Shoals:1 | XOM: cast spell 'Olgreb's Toxic Radiance'
 33349 | Shoals:1 | Killed Kirke
 33714 | Shoals:1 | XOM: cloud trail
 33772 | Shoals:1 | Reached skill level 5 in Evocations
 34236 | Shoals:2 | Noticed Ilsuiw
 34334 | Lair:3   | XOM: god gift: pair of gloves {god gift}
 34343 | Snake:1  | Entered Level 1 of the Snake Pit
 34422 | Snake:1  | XOM: 5-stop teleportation journey
 34558 | Snake:1  | XOM: god gift: 9 stones
 34765 | Snake:1  | XOM is BORED!
 34876 | Snake:1  | Identified the +0 chain mail "Viefoiv" {Stlth+}
 34941 | Snake:1  | Reached XP level 17. HP: 122/150 MP: 3/30
 34942 | Snake:1  | XOM: enchant monster (good)
 35178 | Snake:1  | XOM: noise
 35258 | Snake:1  | XOM: scenery: create altars
 35500 | Snake:1  | XOM: give mutations
 35500 | Snake:1  | Gained mutation: You possess an exceptional clarity of
                  | mind. [Xom's grace]
 35500 | Snake:1  | Gained mutation: You have hoof-like feet. [Xom's grace]
 35666 | Lair:3   | XOM: give mutations
 35666 | Lair:3   | Gained mutation: You are agile. (Dex +4, Str/Int -1) [Xom's
                  | grace]
 35666 | Lair:3   | Gained mutation: You have an increased reservoir of magic.
                  | (+10% MP) [Xom's grace]
 35707 | Lair:1   | XOM: give mutations
 35707 | Lair:1   | Gained mutation: You have a pair of horns on your head.
                  | [Xom's grace]
 35707 | Lair:1   | Lost mutation: You have hoof-like feet. [Xom's grace]
 35707 | Lair:1   | Lost mutation: You have large cloven feet. [Xom's grace]
 35707 | Lair:1   | Gained mutation: You have sharp toenails. [Xom's grace]
 35707 | Lair:1   | Gained mutation: You have hidden genetic potential. [Xom's
                  | grace]
 35746 | D:11     | XOM: scenery: 1 doors close
 35785 | D:12     | Bought the ring of the Tick {rPois Will+} for 579 gold
                  | pieces
 35848 | D:9      | XOM: god gift: 35 gold pieces
 35942 | Snake:2  | XOM: god gift: leather armour {god gift}
 35957 | Snake:2  | XOM: destruction
 36265 | Snake:2  | Noticed Vashnia
 36331 | Snake:2  | XOM: swap monsters
 36678 | Snake:2  | Noticed Jorgrun
 36810 | Snake:2  | XOM: noise
 36824 | Snake:2  | XOM: noise
 37150 | Snake:2  | Noticed Nikola
 37166 | Snake:2  | Killed Nikola
 37224 | Snake:2  | XOM: noise
 37378 | Snake:2  | XOM: noise
 37604 | Snake:2  | XOM: god gift: 6 stones
 37616 | Snake:2  | Reached skill level 14 in Fighting
 38066 | Snake:2  | Jorgrun changed into Jorgrun the fire giant
 38066 | Snake:2  | Noticed Jorgrun
 38075 | Snake:2  | XOM: silly message
 38101 | Snake:2  | Killed Jorgrun the fire giant
 38313 | Snake:2  | XOM: confuse monster(s)
 38620 | Snake:2  | Reached skill level 10 in Spellcasting
 39099 | Snake:2  | Identified the +0 helmet of Howling Wind {Regen+ Int+5
                  | Slay-5 SInv}
 39285 | Snake:3  | Noticed Agnes
 39466 | Snake:2  | XOM: enchant monster (bad)
 39469 | Snake:2  | XOM: polymorph shock serpent -> ghost moth
 39545 | Snake:2  | Killed Vashnia
 39737 | Snake:3  | XOM: confuse monster(s)
 39838 | Snake:2  | XOM: god gift: 46 gold pieces
 39842 | Snake:2  | XOM: give mutations
 39842 | Snake:2  | Lost mutation: You have a pair of horns on your head.
                  | [Xom's mischief]
 39842 | Snake:2  | Lost mutation: You are agile. (Dex +4, Str/Int -1) [Xom's
                  | mischief]
 39842 | Snake:2  | Lost mutation: You have sharp toenails. [Xom's mischief]
 39886 | Snake:3  | XOM: chaos upgrade
 40516 | Snake:2  | XOM: god gift: scimitar {god gift}
 40816 | Snake:2  | XOM: polymorph naga warrior -> shapeshifter
 40887 | Snake:2  | XOM: divination: detect creatures
 41309 | Snake:3  | XOM: scenery: summon butterflies
 41310 | Snake:3  | Killed Agnes
 41352 | Snake:3  | Found Upaadesa's Magic Scroll Shop.
 41352 | Snake:3  | XOM: 9-stop teleportation journey
 41814 | Snake:3  | Identified the serpent talisman of Ethics {rN+}
 41814 | Snake:3  | Noticed Aizul
 41815 | Snake:3  | XOM: potion effect (brilliance)
 41818 | Snake:3  | Noticed Mara
 41819 | Snake:3  | XOM: enchant monster (good)
 41829 | Snake:3  | Killed Aizul
 41834 | Snake:3  | Upgraded the game from 0.32-a0-355-ged53ad6fd3 to
                  | 0.32-a0-377-g951292165a
 42019 | Snake:2  | Learned a level 4 spell: Summon Lightning Spire
 42040 | Snake:3  | Bought a scroll of teleportation for 36 gold pieces
 42046 | Snake:4  | Entered Level 4 of the Snake Pit
 42110 | Snake:4  | Found a flickering gateway to a bazaar.
 42127 | Bazaar   | Entered a bazaar
 42141 | Bazaar   | Found Olij's Book Shoppe.
 42141 | Bazaar   | Found Hotzis's Armour Emporium.
 42163 | Bazaar   | Found Keuv's Armour Shoppe.
 42163 | Bazaar   | Found Xees's Assorted Antiques.
 42246 | Bazaar   | Bought the +3 crown of Dyrovepreva {rElec Int+2 SInv} for
                  | 331 gold pieces
 42246 | Bazaar   | Found the +3 crown of Dyrovepreva {rElec Int+2 SInv}
 42265 | Bazaar   | Bought a sack of spiders for 880 gold pieces
 42335 | Snake:4  | Reached skill level 1 in Summonings
 42610 | Snake:4  | Reached skill level 1 in Air Magic
 42654 | Snake:4  | XOM: silly message
 42735 | Snake:4  | XOM: silly message
 42924 | Snake:4  | XOM: potion effect (magic)
 43026 | Snake:4  | XOM: silly message
 43031 | Snake:4  | XOM: silly message
 43230 | Snake:4  | XOM: silly message
 43244 | Snake:4  | XOM: silly message
 43363 | Snake:4  | XOM: silly message
 43566 | Snake:4  | XOM: potion effect (might)
 43601 | Snake:4  | XOM: smoke on damage
 43675 | Snake:4  | Reached XP level 18. HP: 143/162 MP: 14/35
 43767 | Snake:4  | XOM: silly message
 43908 | Snake:4  | Reached skill level 15 in Fighting
 43943 | Snake:4  | Gained mutation: You are completely covered in iridescent
                  | scales. (AC +6) [hidden potential]
 44044 | Snake:4  | XOM: scenery: summon butterflies
 44159 | Snake:4  | XOM: give mutations
 44159 | Snake:4  | Gained mutation: Your system is resistant to poisons.
                  | (rPois) [Xom's grace]
 44159 | Snake:4  | Gained mutation: Your flesh is heat resistant. (rF+) [Xom's
                  | grace]
 44159 | Snake:4  | Gained mutation: Your muscles are strong. (Str +4, Int/Dex
                  | -1) [Xom's grace]
 44159 | Snake:4  | Gained mutation: Your muscles are very strong. (Str +8,
                  | Int/Dex -2) [Xom's grace]
 44728 | Snake:4  | XOM: fake destruction
 44729 | Snake:4  | XOM: polymorph anaconda -> yak
 44737 | Snake:4  | XOM: fake destruction
 44805 | Snake:4  | XOM: god gift: book of Lightning
 44815 | Snake:4  | Learned a level 5 spell: Arcjolt
 44817 | Snake:4  | XOM: scenery: summon butterflies
 44822 | Snake:4  | Learned a level 6 spell: Plasma Beam
 44827 | Snake:4  | Learned a level 4 spell: Vhi's Electric Charge
 44909 | Snake:4  | XOM: enchant monster (good)
 44929 | Snake:4  | XOM: 2-stop teleportation journey
 45059 | Snake:4  | XOM: god gift: cabochon ring {god gift}
 45091 | Snake:4  | XOM: divination: detect creatures
 45190 | Snake:4  | Got a serpentine rune of Zot
 45439 | Snake:2  | Mara changed into Mara the wendigo
 45439 | Snake:2  | Noticed Mara
 45439 | Snake:2  | XOM: polymorph Mara -> Mara the wendigo
 45443 | Snake:2  | Killed Mara the wendigo
 45444 | Snake:2  | Reached skill level 1 in Translocations
 45830 | Shoals:1 | XOM: 5-stop teleportation journey
 45866 | Shoals:2 | XOM: 1-stop teleportation journey
 45879 | Shoals:2 | XOM: enchant monster (good)
 45896 | Shoals:2 | XOM: summons friendly ufetubus
 45902 | Shoals:2 | XOM: enchant monster (bad)
 46064 | Shoals:2 | XOM: swap monsters
 46428 | Shoals:2 | Killed Ilsuiw
 46430 | Shoals:2 | XOM: cleaving
 46856 | Shoals:2 | Reached skill level 16 in Fighting
 46869 | Shoals:2 | XOM: divination: magic mapping
 47120 | Shoals:2 | XOM: noise
 47275 | Shoals:2 | XOM: 3-stop teleportation journey
 47431 | Shoals:3 | XOM: noise
 47431 | Shoals:3 | Noticed Polyphemus
 47435 | Shoals:3 | XOM: confuse monster(s)
 47437 | Shoals:3 | XOM: divination: magic mapping
 47505 | Shoals:3 | Reached skill level 5 in Air Magic
 47575 | Shoals:3 | XOM: summons friendly shadow imp
 47617 | Shoals:3 | Noticed Louise
 47627 | Shoals:3 | Killed Louise
 47736 | Shoals:3 | XOM: destruction
 47933 | Shoals:3 | XOM: 1-stop teleportation journey
 48046 | Shoals:3 | XOM: give mutations
 48046 | Shoals:3 | Lost mutation: Your flesh is heat resistant. (rF+) [Xom's
                  | mischief]
 48046 | Shoals:3 | Lost mutation: You are partially covered in large bone
                  | plates. (SH +4) [Xom's mischief]
 48046 | Shoals:3 | Lost mutation: You possess an exceptional clarity of mind.
                  | [Xom's mischief]
 48053 | Shoals:3 | XOM: blink monster(s)
 48067 | Shoals:3 | Killed Polyphemus
 48485 | Shoals:3 | XOM: scenery: summon butterflies
 48632 | Shoals:4 | Entered Level 4 of the Shoals
 48635 | Shoals:4 | XOM: cast spell 'Fugue of the Fallen'
 48788 | Shoals:4 | XOM: god gift: potion of brilliance
 48804 | Shoals:4 | XOM: scenery: summon butterflies
 48816 | Shoals:4 | XOM: scenery: create altars
 48823 | Shoals:4 | XOM: cleaving
 48988 | Shoals:4 | XOM: god gift: leather armour {god gift}
 48994 | Shoals:4 | Reached XP level 19. HP: 150/174 MP: 4/37
 49229 | Shoals:4 | Gained mutation: You have sharp fingernails. [hidden
                  | potential]
 49229 | Shoals:4 | Lost mutation: You have hidden genetic potential. [hidden
                  | potential expressed]
 49498 | Shoals:4 | XOM: noise
 49499 | Shoals:4 | XOM: divination: detect creatures
 49655 | Shoals:4 | Got a barnacled rune of Zot
 49695 | Shoals:4 | XOM: give mutations
 49695 | Shoals:4 | Gained mutation: You are agile. (Dex +4, Str/Int -1) [Xom's
                  | grace]
 49695 | Shoals:4 | Gained mutation: You have a pair of horns on your head.
                  | [Xom's grace]
 49852 | Lair:2   | XOM: god gift: 62 gold pieces
 49998 | Elf:1    | Entered Level 1 of the Elven Halls
 50002 | Elf:1    | Identified the +9 war axe of the Endless March {antimagic,
                  | rElec rN+++ Will- Stlth+}
 50192 | Elf:1    | Got the Tome of Mortality
 50355 | Elf:1    | XOM: divination: detect creatures
 50584 | Elf:1    | XOM: potion effect (magic)
 50904 | Elf:2    | Found Ugeneudgh's Distillery.
 50908 | Elf:2    | Bought a potion of heal wounds for 85 gold pieces
 50908 | Elf:2    | Bought a potion of heal wounds for 85 gold pieces
 50908 | Elf:2    | Bought 2 potions of haste for 340 gold pieces
 50908 | Elf:2    | Bought a potion of haste for 170 gold pieces
 50956 | Elf:2    | Found a glacial archway.
 50958 | Elf:2    | XOM: divination: detect creatures
 50959 | IceCv    | Entered an ice cave
 51145 | IceCv    | XOM: god gift: scale mail {god gift}
 51150 | IceCv    | XOM: cast spell 'Summon Hydra'
 51158 | IceCv    | Found an ancient bone altar of Kikubaaqudgha.
 51292 | IceCv    | Identified the -2 pair of gloves "Jyarebb" {Str+5 Int+3}
 51339 | IceCv    | XOM: scenery: summon butterflies
 51342 | IceCv    | XOM: enchant monster (bad)
 51346 | IceCv    | Reached skill level 17 in Fighting
 51609 | IceCv    | Reached skill level 10 in Evocations
 51659 | IceCv    | Got Vaydo's Compilation of Wicked Graupel
 51982 | Elf:2    | XOM: chaos upgrade
 51992 | Elf:2    | XOM: chaos upgrade
 52070 | Elf:2    | XOM: scenery: 1 doors close
 52203 | Elf:2    | XOM: confuse monster(s)
 52278 | Elf:2    | Found a runed translucent gate.
 52279 | Elf:2    | Found a runed translucent gate.
 52279 | Elf:2    | Identified the +8 dagger of the Kissing Gods {flame, rC+
                  | Int+5}
 52280 | Elf:2    | Found a runed translucent gate.
 52330 | Elf:2    | XOM: cleaving
 52571 | Elf:3    | Entered Level 3 of the Elven Halls
 52582 | Elf:3    | Identified the +3 long sword of Infection {pain, rF+ Int+4}
 52632 | Elf:3    | Found Tyiwn's Overcharged Wands.
 52755 | Elf:3    | XOM: scenery: summon butterflies
 52767 | Elf:3    | XOM: cloud trail
 52908 | Elf:3    | XOM: cleaving
 52989 | Elf:3    | XOM: summons 4 friendly demons
 53057 | Elf:3    | XOM: potion effect (attraction)
 53256 | Elf:3    | XOM: silly message
 53378 | Elf:3    | XOM: divination: detect creatures
 53522 | Elf:3    | XOM: silly message
 53535 | Elf:3    | XOM: god gift: flail {god gift}
 53568 | Elf:3    | Found Ecaozem's Jewellery Boutique.
 53568 | Elf:3    | XOM: 5-stop teleportation journey
 53592 | Elf:3    | Found Qoublein's Assorted Antiques.
 53593 | Elf:3    | Found Feupnius's Distillery.
 53602 | Elf:3    | Bought a pair of embroidered boots for 285 gold pieces
 53731 | Elf:3    | Identified the +3 ring mail of the Good {rF+ rN+ Int+4
                  | Slay-5}
 53758 | Elf:3    | XOM: give mutations
 53758 | Elf:3    | Lost mutation: You are strong-willed. (Will+) [Xom's
                  | mischief]
 53758 | Elf:3    | Lost mutation: You have an increased reservoir of magic.
                  | (+10% MP) [Xom's mischief]
 53758 | Elf:3    | Lost mutation: Your system is resistant to poisons. (rPois)
                  | [Xom's mischief]
 53835 | Elf:3    | XOM: blink monster(s)
 54029 | Elf:3    | Reached XP level 20. HP: 175/177 MP: 24/35
 54047 | Elf:3    | Identified the +11 dagger "Hidin" {flame, *Rage rElec rN+
                  | Str+5}
 54224 | Elf:3    | XOM: enchant monster (bad)
 54338 | Elf:3    | XOM: summons 3 hostile shadow creatures
 54529 | Elf:3    | Identified the +2 whip of Defilement {pain, Int+3}
 54542 | Elf:3    | XOM: divination: detect items
 54572 | Elf:3    | XOM: give mutation
 54572 | Elf:3    | Lost mutation: A frigid envelope surrounds you and freezes
                  | all who hurt you. [Xom's mischief]
 54709 | Elf:3    | Identified the +0 leather armour "Wecyurr" {*Corrode Str+4
                  | Dex+6}
 54731 | Elf:3    | Identified the ring "Nesud" {rElec MP+9 SInv}
 54734 | Elf:3    | Identified the +5 mace "Ucsiz" {flame, ^Fragile rElec Str+3
                  | Stlth+}
 55142 | Vaults:1 | Entered Level 1 of the Vaults
 55214 | Vaults:1 | XOM: potion effect (invisibility)
 55279 | Vaults:1 | Found Gaing's Jewellery Boutique.
 55285 | Vaults:1 | XOM: blink monster(s)
 55286 | Vaults:1 | Reached skill level 15 in Fire Magic
 55442 | Vaults:1 | Noticed Asterion
 55468 | Vaults:1 | Killed Asterion
 55481 | Vaults:1 | XOM: 3-stop teleportation journey
 55769 | Vaults:1 | Found Unawy's Weapon Emporium.
 55950 | Vaults:1 | Learned a level 2 spell: Blink
 55960 | Vaults:1 | XOM: silly message
 56076 | Vaults:1 | XOM: chaos upgrade
 56081 | Vaults:1 | Reached skill level 18 in Fighting
 56176 | Vaults:1 | XOM: silly message
 56215 | Vaults:1 | XOM: cast spell 'Summon Horrible Things'
 56722 | Vaults:2 | XOM: give mutations
 56722 | Vaults:2 | Lost mutation: Your muscles are very strong. (Str +8,
                  | Int/Dex -2) [Xom's mischief]
 56722 | Vaults:2 | Gained mutation: You are robust. (+10% HP) [Xom's mischief]
 56722 | Vaults:2 | Lost mutation: You have a pair of horns on your head.
                  | [Xom's mischief]
 56722 | Vaults:2 | Lost mutation: You have a pair of small horns on your head.
                  | [Xom's mischief]
 56933 | Vaults:2 | XOM: silly message
 57122 | Vaults:2 | XOM: confuse monster(s)
 57196 | Vaults:2 | XOM: silly message
 57414 | Vaults:2 | XOM: potion effect (berserk rage)
 57525 | Vaults:2 | XOM: smoke on damage
 57802 | Vaults:2 | XOM: divination: magic mapping
 57826 | Vaults:2 | XOM: potion effect (berserk rage)
 57962 | Vaults:2 | XOM: 1-stop teleportation journey
 58303 | Vaults:3 | Reached XP level 21. HP: 185/214 MP: 37/37
 58354 | Vaults:3 | Noticed a golden dragon
 58377 | Vaults:3 | Killed a golden dragon
 58475 | Vaults:3 | XOM: fog
 58519 | Vaults:3 | XOM: torment (109/214 hp)
 58581 | Vaults:3 | XOM: stat loss: -1 Int (22/23)
 58794 | Vaults:3 | XOM: enchant monster (good)
 59126 | Vaults:3 | Found Gol Tus's Magic Scroll Emporium.
 59134 | Vaults:3 | Bought a scroll of blinking for 142 gold pieces
 59134 | Vaults:3 | Bought a scroll of enchant armour for 142 gold pieces
 59134 | Vaults:3 | Bought 3 scrolls of teleportation for 171 gold pieces
 59134 | Vaults:3 | Bought a scroll of teleportation for 57 gold pieces
 59150 | Vaults:3 | Found Rinkutt's Weapon Shop.
 59214 | Vaults:3 | Found a staircase to the Crypt.
 59225 | Vaults:3 | XOM: enchant monster (good)
 59291 | Vaults:3 | XOM: summons friendly shadow imp
 59618 | Vaults:3 | Identified the +2 pair of boots "Kutirrio" {Slay+2}
 59669 | Vaults:3 | XOM: scenery: 2 doors close
 59761 | Vaults:3 | XOM: divination: detect items
 59779 | Vaults:3 | Found Pautiyte's Assorted Antiques.
 59784 | Vaults:3 | Bought a potion of heal wounds for 170 gold pieces
 59810 | Vaults:3 | Found Nupoh's Antique Weapon Shop.
 60082 | Vaults:4 | Found a runed translucent door.
 60082 | Vaults:4 | Noticed AgonHex's ghost (veteran HOFi)
 60144 | Vaults:4 | XOM: divination: detect items
 60250 | Vaults:4 | XOM: 1-stop teleportation journey
 60370 | Vaults:4 | XOM: noise
 60376 | Vaults:4 | XOM: smoke on damage
 60378 | Vaults:4 | XOM: summons friendly ufetubus
 60392 | Vaults:4 | XOM: enchant monster (good)
 60393 | Vaults:4 | XOM: summons friendly quasit
 60397 | Vaults:4 | Reached skill level 10 in Conjurations
 60442 | Vaults:4 | XOM: silly message
 60710 | Vaults:4 | XOM: cloud trail
 61375 | Vaults:4 | XOM: summons 15 friendly demons
 61626 | Vaults:5 | Entered Level 5 of the Vaults
 61629 | Vaults:5 | Noticed a dread lich
 61631 | Vaults:5 | Noticed an ancient lich
 61632 | Vaults:5 | Reached skill level 19 in Fighting
 61651 | Vaults:4 | XOM: give mutations
 61651 | Vaults:4 | Gained mutation: You have hidden genetic defects. [Xom's
                  | mischief]
 61651 | Vaults:4 | Gained mutation: You are strong-willed. (Will+) [Xom's
                  | mischief]
 61651 | Vaults:4 | Lost mutation: You are completely covered in iridescent
                  | scales. (AC +6) [Xom's mischief]
 61795 | Vaults:4 | XOM: give mutation
 61795 | Vaults:4 | Lost mutation: You are robust. (+10% HP) [Xom's mischief]
 61802 | Vaults:3 | XOM: torment (110/198 hp)
 61946 | Depths:1 | Entered Level 1 of the Depths
 61946 | Depths:1 | Noticed an ancient lich
 61946 | Depths:1 | Found a one-way gateway to a ziggurat.
 61958 | Depths:1 | Killed an ancient lich
 62127 | Depths:1 | Found a one-way gate to the infinite horrors of the Abyss.
 62403 | Depths:1 | XOM: enchant monster (bad)
 62410 | Depths:1 | Reached XP level 22. HP: 166/205 MP: 39/39
 62417 | Depths:1 | Found an opulent altar of Gozag.
 62720 | Depths:1 | XOM: scenery: 1 doors open
 62934 | Depths:1 | Found a one-way gate leading to the halls of Pandemonium.
 63105 | Depths:1 | XOM: summons friendly iron imp
 63128 | Depths:1 | XOM: scenery: 2 doors close
 63634 | Orc:1    | XOM: cloud trail
 63657 | Orc:2    | XOM: god gift: scroll of enchant weapon
 64118 | Depths:1 | Found a runed translucent gate.
 64118 | Depths:1 | Found a runed translucent gate.
 64118 | Depths:1 | Found a runed translucent gate.
 64207 | Depths:1 | XOM: divination: magic mapping
 64300 | Depths:1 | Found a gateway to Hell.
 64428 | Depths:1 | Gained mutation: You are frail. (-10% HP) [hidden defects]
 64567 | Depths:1 | XOM: god gift: wand of digging (1)
 64620 | Depths:1 | XOM: fog
 64632 | Depths:1 | XOM: fog
 64640 | Depths:1 | XOM: divination: magic mapping
 64710 | Depths:1 | XOM: divination: detect items
 64804 | Depths:1 | Found a runed translucent gate.
 64804 | Depths:1 | Found a runed translucent gate.
 64807 | Depths:1 | Found a runed translucent gate.
 64813 | Depths:1 | Noticed Daef's ghost (adept TrSh)
 64952 | Depths:2 | Identified the +8 war axe "Trog's Outrage" {spect, rPois
                  | Will- Dex+2}
 64977 | Depths:2 | XOM: cast spell 'Fugue of the Fallen'
 65037 | Depths:2 | XOM: 3-stop teleportation journey
 65071 | Depths:2 | Gained mutation: You occasionally shout uncontrollably at
                  | your foes. [hidden defects]
 65071 | Depths:2 | Lost mutation: You have hidden genetic defects. [hidden
                  | defects expressed]
 65212 | Depths:2 | You fall into a shaft and drop 2 floors!
 65212 | Depths:4 | Entered Level 4 of the Depths
 65237 | Depths:4 | XOM: confuse monster(s)
 65239 | Depths:4 | XOM: polymorph fire dragon -> shapeshifter
 65250 | Depths:4 | XOM: enchant monster (bad)
 65255 | Depths:4 | XOM: 5-stop teleportation journey
 65313 | Depths:4 | XOM: scenery: 1 doors open
 65383 | Depths:4 | XOM: cast spell 'Monstrous Menagerie'
 65663 | Depths:3 | Reached skill level 15 in Shields
 65907 | Depths:2 | XOM: scenery: create altars
 65914 | Depths:2 | XOM: summons 9 friendly demons
 66073 | Depths:2 | XOM: confuse monster(s)
 66093 | Depths:2 | XOM: scenery: 1 doors close
 66097 | Depths:2 | XOM: scenery: 1 doors open, 3 doors close
 66175 | Depths:2 | XOM: summons 13 friendly demons
 66341 | Depths:2 | Reached skill level 10 in Air Magic
 66551 | Depths:2 | XOM: give mutations
 66551 | Depths:2 | Gained mutation: You are somewhat resistant to further
                  | mutation. [Xom's grace]
 66551 | Depths:2 | Gained mutation: You are somewhat resistant to both further
                  | mutation and mutation removal. [Xom's grace]
 66551 | Depths:2 | Lost mutation: You are somewhat resistant to both further
                  | mutation and mutation removal. [Xom's grace]
 66551 | Depths:2 | Lost mutation: You are somewhat resistant to further
                  | mutation. [Xom's grace]
 66551 | Depths:2 | Gained mutation: You have hidden genetic potential. [Xom's
                  | grace]
 67052 | Depths:2 | XOM: repel stairs
 67304 | Depths:3 | XOM: chaos upgrade
 67475 | Depths:3 | XOM: 1-stop teleportation journey
 67479 | Depths:3 | XOM: give mutations
 67479 | Depths:3 | Lost mutation: You occasionally shout uncontrollably at
                  | your foes. [Xom's mischief]
 67479 | Depths:3 | Lost mutation: You have sharp fingernails. [Xom's mischief]
 67479 | Depths:3 | Lost mutation: You are resistant to electric shocks.
                  | (rElec) [Xom's mischief]
 67620 | Depths:3 | XOM: stat loss: -1 Int (22/23)
 67798 | Depths:3 | XOM: summons friendly white imp
 67815 | Depths:3 | XOM: destruction
 67925 | Depths:3 | Identified the +1 sling "Suvecynk" {heavy, rPois rN++ Will+
                  | Dex+2}
 67954 | Depths:3 | Found a blossoming altar of Fedhas.
 67955 | Depths:3 | XOM: give mutations
 67955 | Depths:3 | Lost mutation: You have hidden genetic potential. [Xom's
                  | grace]
 67955 | Depths:3 | Gained mutation: You are somewhat resistant to further
                  | mutation. [Xom's grace]
 67955 | Depths:3 | Gained mutation: You have a pair of small antennae on your
                  | head. [Xom's grace]
 67955 | Depths:3 | Lost mutation: You are somewhat resistant to further
                  | mutation. [Xom's grace]
 67955 | Depths:3 | Gained mutation: You have hidden genetic potential. [Xom's
                  | grace]
 67974 | Depths:3 | XOM: scenery: create altars
 68024 | Depths:3 | XOM: enchant monster (bad)
 68170 | Depths:3 | XOM: torment (105/188 hp)
 68290 | Depths:3 | Reached XP level 23. HP: 193/193 MP: 41/41
 68462 | Depths:3 | Found a snail-covered altar of Cheibriados.
 68685 | Depths:4 | XOM: noise
 68772 | Depths:4 | XOM: noise
 68871 | Depths:4 | XOM: torment (108/193 hp)
 68886 | Depths:4 | XOM: scenery: create altars
 68971 | Depths:4 | XOM: give mutations
 68971 | Depths:4 | Lost mutation: You are frail. (-10% HP) [Xom's mischief]
 68971 | Depths:4 | Lost mutation: Your muscles are strong. (Str +4, Int/Dex
                  | -1) [Xom's mischief]
 69010 | Depths:4 | Reached skill level 20 in Fighting
 69022 | Depths:4 | XOM: give mutation
 69022 | Depths:4 | Gained mutation: Your system is resistant to poisons.
                  | (rPois) [Xom's grace]
 69044 | Depths:4 | XOM: scenery: create altars
 69355 | Depths:4 | XOM: stat loss: -1 Str (22/23)
 69526 | Depths:4 | XOM: stat loss: -1 Int (23/24)
 69531 | Depths:4 | XOM: torment (119/214 hp)
 69644 | Depths:4 | Noticed a caustic shrike
 69644 | Depths:4 | Noticed a caustic shrike
 69649 | Depths:4 | Noticed a caustic shrike
 69651 | Depths:4 | Noticed a caustic shrike
 69651 | Depths:4 | Noticed a caustic shrike
 69803 | Depths:4 | XOM: enchant monster (bad)
 69913 | Depths:4 | Upgraded the game from 0.32-a0-377-g951292165a to
                  | 0.32-a0-401-g0bcb2a7693
 69947 | Depths:4 | Found a gate to the Realm of Zot.
 69961 | Depths:4 | XOM: polymorph golden dragon -> ettin
 70326 | Depths:4 | XOM: noise
 70397 | Depths:4 | XOM: stat loss: -1 Int (23/24)
 70533 | Depths:4 | XOM: fog
 70544 | Depths:4 | Reached skill level 15 in Evocations
 71021 | Vaults:5 | XOM: chaos cloud
 71021 | Vaults:5 | Gained mutation: You are weak. (Str -2) [a shining eye]
 71033 | Vaults:5 | XOM: blink monster(s)
 71053 | Vaults:5 | XOM: polymorph deep troll -> glowing shapeshifter
 71063 | Vaults:5 | XOM: confuse monster(s)
 71065 | Vaults:5 | XOM: 1-stop teleportation journey
 71069 | Vaults:5 | Got a silver rune of Zot
 71094 | Vaults:5 | XOM: chaos cloud
 71098 | Vaults:5 | XOM: summons 2 friendly demons
 71102 | Vaults:5 | XOM: enchant monster (good)
 71108 | Vaults:5 | XOM: confuse monster(s)
 71232 | Vaults:5 | Identified the ring "Edet Ligh" {*Slow rCorr Dex+6 Stlth+}
 71258 | Vaults:5 | XOM: cast spell 'Iskenderun's Battlesphere'
 71386 | Vaults:5 | XOM: polymorph fire giant -> four-headed hydra
 71415 | Vaults:5 | XOM: 6-stop teleportation journey
 71430 | Vaults:5 | XOM: cast spell 'Dispersal'
 71468 | Vaults:5 | XOM: divination: detect items
 71523 | Vaults:5 | Noticed a dread lich
 71530 | Vaults:5 | XOM: cleaving
 71550 | Vaults:5 | Noticed an ancient lich
 71604 | Vaults:5 | XOM: scenery: create altars
 71693 | Vaults:5 | XOM: give mutations
 71693 | Vaults:5 | Gained mutation: You occasionally shout uncontrollably at
                  | your foes. [Xom's mischief]
 71693 | Vaults:5 | Lost mutation: You have hidden genetic potential. [Xom's
                  | mischief]
 71700 | Vaults:5 | Killed a dread lich
 71703 | Vaults:5 | XOM: divination: detect items
 71852 | Vaults:5 | Identified the +9 short sword of Gozag's Grace {heavy,
                  | rElec rN+ Dex-4}
 71852 | Vaults:5 | Identified the ring "Koik" {^Contam rPois rF+ Dex+6}
 72091 | Vaults:5 | XOM: potion effect (might)
 72285 | Vaults:5 | Identified the +10 plate armour "Gozicel" {rF+++}
 72289 | Vaults:5 | Killed an ancient lich
 72300 | Vaults:5 | XOM: potion effect (heal wounds)
 72304 | Vaults:5 | XOM: noise
 72392 | Vaults:5 | XOM: 1-stop teleportation journey
 72399 | Vaults:5 | Identified the ring "Osaojar" {rPois rC+ Will+}
 72401 | Vaults:5 | XOM: silly message
 72404 | Vaults:5 | XOM: scenery: summon butterflies
 72463 | Vaults:5 | Killed an ancient lich
 72494 | Vaults:5 | XOM: give mutations
 72494 | Vaults:5 | Lost mutation: Your system is resistant to poisons. (rPois)
                  | [Xom's mischief]
 72494 | Vaults:5 | Gained mutation: You have sharp toenails. [Xom's mischief]
 72686 | Vaults:5 | XOM: god gift: flail {god gift}
 72762 | Vaults:5 | XOM: cleaving
 72866 | Vaults:5 | Identified the +5 scale mail "Gesesyu" {*Slow rElec rC+++
                  | Str+3}
 72939 | Vaults:5 | XOM: polymorph golden dragon -> golden dragon
 72941 | Vaults:5 | XOM: polymorph golden dragon -> storm dragon
 73012 | Vaults:4 | XOM: scenery: 3 doors close
 73073 | Vaults:5 | XOM: divination: magic mapping
 73150 | Vaults:5 | Reached XP level 24. HP: 203/226 MP: 22/41
 73233 | Vaults:4 | XOM: god gift: scroll of teleportation
 73336 | Vaults:5 | XOM: 1-stop teleportation journey
 73346 | Vaults:5 | XOM: 1-stop teleportation journey
 73694 | Vaults:5 | Identified the +0 leather armour of the Komodo Dragon {Harm
                  | Dex-5 SInv}
 74085 | Crypt:1  | XOM: stealth player
 74085 | Crypt:1  | Entered Level 1 of the Crypt
 74162 | Crypt:1  | XOM: potion effect (magic)
 74165 | Crypt:1  | XOM: silly message
 74186 | Crypt:1  | XOM: 1-stop teleportation journey
 74235 | Crypt:1  | XOM: divine lightning
 74241 | Crypt:1  | XOM: chaos upgrade
 74426 | Crypt:1  | XOM: noise
 74742 | Crypt:1  | XOM: chaos cloud
 74946 | Crypt:1  | XOM: polymorph necromancer -> boulder beetle
 74947 | Crypt:1  | XOM: polymorph boulder beetle -> slime creature
 75154 | Crypt:1  | XOM: draining
 75429 | Crypt:1  | Reached skill level 15 in Spellcasting
 75578 | Crypt:2  | XOM: potion effect (might)
 75580 | Crypt:1  | XOM: scenery: 1 doors close
 75581 | Crypt:1  | XOM: summons 4 friendly demons
 75584 | Crypt:1  | XOM: cast spell 'Death Channel'
 75691 | Crypt:1  | XOM: draining
 75803 | Crypt:2  | XOM: potion effect (haste)
 75811 | Crypt:2  | Reached skill level 21 in Fighting
 75889 | Crypt:1  | XOM: divination: detect creatures
 76138 | Crypt:2  | XOM: silly message
 76341 | Crypt:1  | XOM: silly message
 76441 | Crypt:2  | XOM: 3-stop teleportation journey
 76707 | Crypt:2  | XOM: divination: detect creatures
 76911 | Crypt:3  | Entered Level 3 of the Crypt
 76913 | Crypt:3  | XOM: enchant monster (good)
 77050 | Crypt:2  | XOM: noise
 77295 | Crypt:3  | XOM: divination: detect creatures
 77398 | Crypt:1  | XOM: god gift: 4 stones
 77618 | Crypt:2  | XOM: confuse monster(s)
 77905 | Crypt:3  | XOM: divination: detect items
 78256 | Crypt:3  | XOM: silly message
 78396 | Crypt:3  | Noticed Khufu
 78403 | Crypt:3  | XOM: potion effect (heal wounds)
 78411 | Crypt:3  | XOM: potion effect (berserk rage)
 78579 | Crypt:2  | XOM: divination: detect items
 78690 | Crypt:2  | XOM: silly message
 78754 | Crypt:3  | XOM: divination: detect items
 78930 | Crypt:3  | XOM: potion effect (haste)
 78946 | Crypt:3  | Killed Khufu
 79171 | Crypt:3  | XOM: silly message
 79447 | Crypt:3  | Found a staircase to the Tomb.
 79472 | Crypt:3  | XOM: divination: magic mapping
 79507 | Crypt:3  | Noticed a dread lich
 79516 | Crypt:3  | XOM: divination: magic mapping
 79805 | Crypt:3  | Noticed a dread lich
 79805 | Crypt:3  | Noticed an ancient lich
 79805 | Crypt:3  | XOM: divination: detect creatures
 79825 | Crypt:3  | Killed a dread lich
 79977 | Crypt:3  | XOM: god gift: scroll of fear
 79984 | Crypt:3  | Killed an ancient lich
 80144 | Crypt:3  | Killed a dread lich
 80183 | Crypt:3  | XOM: divination: magic mapping
 80192 | Crypt:3  | Identified the staff of Rynaps {rF+ rC+ rN+ Str+3 Necro}
 80273 | Crypt:3  | Identified the +0 chain mail "Cyunamp" {-Cast rF+ rC+}
 80288 | Crypt:3  | Identified the +3 buckler of Indomitability {rCorr}
 80289 | Crypt:3  | Identified the +0 robe of Qoethaoc {rF- Regen+ Str-4 Dex+6}
 80301 | Crypt:3  | Upgraded the game from 0.32-a0-401-g0bcb2a7693 to
                  | 0.32-a0-418-g34023cf50c
 80395 | Vaults:3 | XOM: 1-stop teleportation journey
 80827 | Lair:3   | XOM: give mutations
 80827 | Lair:3   | Gained mutation: You expend magic power (3 MP) to
                  | strengthen your wands. [Xom's grace]
 80827 | Lair:3   | Gained mutation: You are highly strong-willed. (Will++)
                  | [Xom's grace]
 80827 | Lair:3   | Gained mutation: Your natural rate of healing is unusually
                  | fast. [Xom's grace]
 80876 | Slime:1  | Entered Level 1 of the Pits of Slime
 81246 | Slime:1  | XOM: polymorph slime creature -> glass eye
 81471 | Slime:2  | Reached XP level 25. HP: 233/236 MP: 17/42
 81486 | Slime:2  | XOM: scenery: summon butterflies
 81536 | Slime:2  | XOM: noise
 81961 | Slime:2  | Paralysed by a formless jellyfish for 1 turns
 81966 | Slime:1  | XOM: 1-stop teleportation journey
 82023 | Slime:1  | XOM: 3-stop teleportation journey
 82247 | Slime:1  | XOM: 9-stop teleportation journey
 82304 | Slime:1  | XOM: give mutations
 82304 | Slime:1  | Lost mutation: You are weak. (Str -2) [Xom's mischief]
 82304 | Slime:1  | Lost mutation: Your spells are a little harder to cast, but
                  | a little more powerful. [Xom's mischief]
 82304 | Slime:1  | Lost mutation: You are mostly covered in iridescent scales.
                  | (AC +4) [Xom's mischief]
 82304 | Slime:1  | Lost mutation: You occasionally shout uncontrollably at
                  | your foes. [Xom's mischief]
 82527 | Slime:1  | XOM: silly message
 82650 | Slime:5  | Entered Level 5 of the Pits of Slime
 82663 | Slime:5  | Gained mutation: Your body sometimes deteriorates upon
                  | taking damage. [a shining eye]
 82862 | Slime:5  | Noticed the Royal Jelly
 82862 | Slime:5  | Gained mutation: Your spells are a little easier to cast,
                  | but a little less powerful. [a shining eye]
 82870 | Slime:5  | XOM: chaos cloud
 82872 | Slime:5  | XOM: blink monster(s)
 82875 | Slime:5  | XOM: enchant monster (good)
 82907 | Slime:5  | XOM: draining
 82912 | Slime:5  | Killed the Royal Jelly
 82941 | Slime:3  | Gained mutation: Your magical capacity is low. (-10% MP) [a
                  | shining eye]
 82944 | Slime:3  | Reached skill level 15 in Armour
 83128 | Slime:5  | XOM: blink monster(s)
 83130 | Slime:5  | XOM: enchant monster (bad)
 84166 | Slime:5  | XOM: 2-stop teleportation journey
 84177 | Slime:5  | Identified the amulet "Cesmept" {rC+ Regen+ Int-3 Dex+6}
 84180 | Slime:5  | Got a slimy rune of Zot
 84213 | Slime:5  | XOM: 3-stop teleportation journey
 84308 | Slime:3  | XOM: confuse monster(s)
 84447 | Slime:3  | Paralysed by a formless jellyfish for 1 turns
 84468 | Slime:3  | XOM: swap monsters
 84477 | Slime:3  | XOM: noise
 84649 | Slime:4  | XOM: 2-stop teleportation journey
 84734 | Slime:5  | XOM: god gift: mace {god gift}
 84737 | Slime:5  | Got the Octavo of the Ground and Pyromania
 84774 | Slime:5  | Identified the amulet "Goezaf" {RegenMP Will+ Regen+}
 85037 | Lair:4   | XOM: cloud trail
 85514 | D:6      | Killed Mousus6's ghost
 85597 | D:7      | XOM: silly message
 85838 | Elf:2    | XOM: confuse monster(s)
 85900 | Elf:2    | XOM: destruction
 86189 | Elf:2    | XOM: chaos upgrade
 86195 | Elf:2    | XOM: cast spell 'Monstrous Menagerie'
 86225 | Elf:2    | XOM: cast spell 'Death Channel'
 86232 | Elf:2    | XOM: scenery: create altars
 86935 | Vaults:4 | XOM: fog
 86971 | Vaults:4 | XOM: enchant monster (good)
 87018 | Vaults:4 | Killed AgonHex's ghost
 87137 | Vaults:2 | XOM: silly message
 87220 | Depths:1 | XOM: silly message
 87264 | Depths:1 | XOM: summons friendly iron imp
 87265 | Depths:1 | Killed Daef's ghost
 87266 | Depths:1 | Gained mutation: Armour fits poorly on your strangely
                  | shaped body. [a cacodemon]
 87268 | Depths:1 | Lost mutation: You are agile. (Dex +4, Str/Int -1) [a
                  | cacodemon]
 87289 | Depths:1 | Identified the +2 pair of gloves "Sirphelaph" {-Tele rPois
                  | rCorr Stlth-}
 87456 | Depths:1 | Lost mutation: You are highly strong-willed. (Will++)
                  | [potion of mutation]
 87456 | Depths:1 | Lost mutation: You have a pair of small antennae on your
                  | head. [potion of mutation]
 87456 | Depths:1 | Gained mutation: You occasionally lose the ability to read
                  | scrolls when taking damage. [potion of mutation]
 87456 | Depths:1 | Gained mutation: Your mind is acute. (Int +4, Str/Dex -1)
                  | [potion of mutation]
 87457 | Depths:1 | Lost mutation: You are partially covered in iridescent
                  | scales. (AC +2) [potion of mutation]
 87457 | Depths:1 | Lost mutation: You have sharp toenails. [potion of
                  | mutation]
 87457 | Depths:1 | Lost mutation: Your body sometimes deteriorates upon taking
                  | damage. [potion of mutation]
 87457 | Depths:1 | Lost mutation: Your mind is acute. (Int +4, Str/Dex -1)
                  | [potion of mutation]
 87458 | Depths:1 | Lost mutation: Your magical capacity is low. (-10% MP)
                  | [potion of mutation]
 87458 | Depths:1 | Lost mutation: You occasionally lose the ability to read
                  | scrolls when taking damage. [potion of mutation]
 87458 | Depths:1 | Lost mutation: You expend magic power (3 MP) to strengthen
                  | your wands. [potion of mutation]
 87458 | Depths:1 | Gained mutation: Your spells are easier to cast, but less
                  | powerful. [potion of mutation]
 87458 | Depths:1 | Gained mutation: You are frail. (-10% HP) [potion of
                  | mutation]
 87459 | Depths:1 | Lost mutation: Your spells are easier to cast, but less
                  | powerful. [potion of mutation]
 87459 | Depths:1 | Lost mutation: You are frail. (-10% HP) [potion of
                  | mutation]
 87459 | Depths:1 | Gained mutation: You are covered in fur. (AC +1) [potion of
                  | mutation]
 87459 | Depths:1 | Gained mutation: You heal very quickly. [potion of
                  | mutation]
 87460 | Depths:1 | Lost mutation: You are strong-willed. (Will+) [potion of
                  | mutation]
 87460 | Depths:1 | Lost mutation: You heal very quickly. [potion of mutation]
 87460 | Depths:1 | Lost mutation: You are covered in fur. (AC +1) [potion of
                  | mutation]
 87460 | Depths:1 | Gained mutation: Your spells are easier to cast, but less
                  | powerful. [potion of mutation]
 87460 | Depths:1 | Gained mutation: Your body sometimes deteriorates upon
                  | taking damage. [potion of mutation]
 87461 | Depths:1 | Lost mutation: Armour fits poorly on your strangely shaped
                  | body. [potion of mutation]
 87461 | Depths:1 | Lost mutation: Your spells are easier to cast, but less
                  | powerful. [potion of mutation]
 87461 | Depths:1 | Lost mutation: Your natural rate of healing is unusually
                  | fast. [potion of mutation]
 87461 | Depths:1 | Gained mutation: Your muscles are strong. (Str +4, Int/Dex
                  | -1) [potion of mutation]
 87462 | Depths:1 | Lost mutation: Your body sometimes deteriorates upon taking
                  | damage. [potion of mutation]
 87462 | Depths:1 | Lost mutation: Your spells are a little easier to cast, but
                  | a little less powerful. [potion of mutation]
 87462 | Depths:1 | Lost mutation: Your muscles are strong. (Str +4, Int/Dex
                  | -1) [potion of mutation]
 87462 | Depths:1 | Gained mutation: You passively map a small area around you.
                  | [potion of mutation]
 87547 | Depths:1 | Gained mutation: You are dopey. (Int -2) [mutagenic glow]
 88003 | Depths:1 | Lost mutation: You are dopey. (Int -2) [potion of mutation]
 88003 | Depths:1 | Lost mutation: You passively map a small area around you.
                  | [potion of mutation]
 88003 | Depths:1 | Gained mutation: You occasionally lose the ability to drink
                  | potions when taking damage. [potion of mutation]
 88003 | Depths:1 | Gained mutation: You have sharp toenails. [potion of
                  | mutation]
 88003 | Depths:1 | Gained mutation: Armour fits poorly on your strangely
                  | shaped body. [potion of mutation]
 88004 | Depths:1 | Lost mutation: Armour fits poorly on your strangely shaped
                  | body. [potion of mutation]
 88004 | Depths:1 | Lost mutation: You occasionally lose the ability to drink
                  | potions when taking damage. [potion of mutation]
 88004 | Depths:1 | Gained mutation: Potions are less effective at restoring
                  | your health. [potion of mutation]
 88004 | Depths:1 | Gained mutation: Your muscles are strong. (Str +4, Int/Dex
                  | -1) [potion of mutation]
 88043 | Zig:1    | Entered Level 1 of a ziggurat
 88058 | Zig:2    | Entered Level 2 of a ziggurat
 88063 | Zig:2    | Reached skill level 22 in Fighting
 88066 | Zig:2    | Identified the +8 lajatang of Omnas {venom, Fly rN+ rCorr
                  | Str-3}
 88069 | Zig:2    | Identified the +9 rapier of Disharmony {heavy, Str+5}
 88073 | Zig:3    | Entered Level 3 of a ziggurat
 88103 | Zig:3    | XOM: stat loss: -1 Str (27/28)
 88110 | Zig:3    | Identified the +9 morningstar of Cytoitin {flame, Fly}
 88216 | Zig:4    | Entered Level 4 of a ziggurat
 88218 | Zig:4    | XOM: summons 8 friendly demons
 88224 | Zig:5    | Entered Level 5 of a ziggurat
 88251 | Zig:5    | Identified the amulet of Dishonour {Faith Dex+6}
 88259 | Zig:5    | Reached XP level 26. HP: 209/246 MP: 17/42
 88323 | Zig:5    | XOM: give mutation
 88323 | Zig:5    | Gained mutation: You are agile. (Dex +4, Str/Int -1) [Xom's
                  | mischief]
 88354 | Zig:5    | Learned a level 5 spell: Irradiate
 88355 | Zig:6    | Entered Level 6 of a ziggurat
 88392 | Zig:6    | XOM: give mutations
 88392 | Zig:6    | Lost mutation: You are agile. (Dex +4, Str/Int -1) [Xom's
                  | mischief]
 88392 | Zig:6    | Gained mutation: You are clumsy. (Dex -2) [Xom's mischief]
 88392 | Zig:6    | Lost mutation: Your muscles are strong. (Str +4, Int/Dex
                  | -1) [Xom's mischief]
 88414 | Zig:6    | XOM: draining
 88469 | Zig:6    | Lost mutation: You are clumsy. (Dex -2) [potion of
                  | mutation]
 88469 | Zig:6    | Lost mutation: Potions are less effective at restoring your
                  | health. [potion of mutation]
 88469 | Zig:6    | Gained mutation: You occasionally lose the ability to read
                  | scrolls when taking damage. [potion of mutation]
 88469 | Zig:6    | Gained mutation: You expend magic power (3 MP) to
                  | strengthen your wands. [potion of mutation]
 88469 | Zig:6    | Gained mutation: You have a pair of small horns on your
                  | head. [potion of mutation]
 88470 | Zig:6    | Lost mutation: You have sharp toenails. [potion of
                  | mutation]
 88470 | Zig:6    | Lost mutation: You have a pair of small horns on your head.
                  | [potion of mutation]
 88470 | Zig:6    | Lost mutation: You expend magic power (3 MP) to strengthen
                  | your wands. [potion of mutation]
 88470 | Zig:6    | Gained mutation: You do not regenerate when monsters are
                  | visible. [potion of mutation]
 88471 | Zig:6    | Lost mutation: You do not regenerate when monsters are
                  | visible. [potion of mutation]
 88471 | Zig:6    | Lost mutation: You occasionally lose the ability to read
                  | scrolls when taking damage. [potion of mutation]
 88471 | Zig:6    | Gained mutation: You sometimes lose your temper in combat.
                  | [potion of mutation]
 88471 | Zig:6    | Gained mutation: You are partially covered in iridescent
                  | scales. (AC +2) [potion of mutation]
 88471 | Zig:6    | Gained mutation: Your movements are slightly less
                  | encumbered by armour. (ER -2) [potion of mutation]
 88472 | Zig:6    | Lost mutation: You sometimes lose your temper in combat.
                  | [potion of mutation]
 88472 | Zig:6    | Lost mutation: Your movements are slightly less encumbered
                  | by armour. (ER -2) [potion of mutation]
 88472 | Zig:6    | Gained mutation: Your flesh is cold resistant. (rC+)
                  | [potion of mutation]
 88472 | Zig:6    | Gained mutation: Your system is resistant to poisons.
                  | (rPois) [potion of mutation]
 88472 | Zig:6    | Gained mutation: You passively map a small area around you.
                  | [potion of mutation]
 88474 | Zig:7    | Entered Level 7 of a ziggurat
 88482 | Zig:7    | Found the +5 scythe "Finisher" {speed, execute}
 88485 | Zig:7    | XOM: summons 6 friendly demons
 88661 | Zig:7    | XOM: give mutations
 88661 | Zig:7    | Gained mutation: Your health recovers twice as slowly from
                  | being drained. [Xom's mischief]
 88661 | Zig:7    | Gained mutation: You are clumsy. (Dex -2) [Xom's mischief]
 88681 | Zig:7    | XOM: noise
 88709 | Zig:7    | Identified the +6 orcbow "Cobihynu" {freeze, rN+}
 88712 | Zig:8    | Entered Level 8 of a ziggurat
 88726 | Zig:8    | Paralysed by a wendigo for 1 turns
 88729 | Zig:8    | XOM: fog
 88732 | Zig:8    | Paralysed by a wendigo for 1 turns
 88739 | Zig:8    | XOM: summons 4 friendly demons
 89015 | Zig:8    | Found the +7 sceptre of Torment {pain, torment}
 89022 | Zig:8    | Identified the +8 demon trident "Destrogg" {drain, *Rage
                  | rPois rN++ Int+3}
 89152 | Zig:9    | Entered Level 9 of a ziggurat
 89179 | Zig:9    | Noticed Geryess the pandemonium lord
 89181 | Zig:9    | Reached skill level 1 in Maces & Flails
 89187 | Zig:9    | HP: 11/234 [??? (7)]
 89197 | Zig:9    | Identified the +7 sling of Wonlicki {heavy, Dex+4}
 89279 | Depths:1 | XOM: god gift: scroll of torment
 89431 | Depths:1 | XOM: scenery: 1 doors close
 89688 | Zot:1    | Entered Level 1 of the Realm of Zot
 89834 | Zot:1    | Found a transporter.
 89867 | Zot:1    | XOM: enchant monster (good)
 90138 | Zot:1    | Noticed Parghit
 90157 | Zot:1    | Parghit changed into Parghit the rockslime
 90157 | Zot:1    | Noticed Parghit
 90157 | Zot:1    | XOM: polymorph Parghit -> Parghit the rockslime
 90162 | Zot:1    | Killed Parghit the rockslime
 90185 | Zot:1    | XOM: scenery: 1 doors close
 90361 | Zot:1    | Reached skill level 5 in Maces & Flails
 90451 | Zot:1    | XOM: god gift: great sword {god gift}
 90649 | Zot:1    | XOM: 8-stop teleportation journey
 90738 | Zot:1    | XOM: noise
 90746 | Zot:1    | XOM: give mutations
 90746 | Zot:1    | Lost mutation: You are clumsy. (Dex -2) [Xom's mischief]
 90746 | Zot:1    | Lost mutation: You passively map a small area around you.
                  | [Xom's mischief]
 91258 | Zot:2    | Reached XP level 27. HP: 152/254 MP: 42/42
 91273 | Zot:2    | XOM: god gift: 21 gold pieces
 91338 | Zot:2    | XOM: 2-stop teleportation journey
 91462 | Zot:2    | XOM: potion effect (might)
 91482 | Zot:2    | XOM: potion effect (brilliance)
 91547 | Zot:2    | XOM: divination: detect creatures
 91583 | Zot:2    | Reached skill level 10 in Maces & Flails
 91727 | Zot:2    | XOM: silly message
 92143 | Zot:2    | XOM: 4-stop teleportation journey
 92173 | Zot:2    | XOM: enchant monster (bad)
 92630 | Zot:2    | You fall into a shaft and drop 1 floor!
 92632 | Zot:3    | XOM: summons friendly shadow imp
 92790 | Zot:3    | XOM: silly message
 93055 | Zot:3    | XOM: silly message
 93073 | Zot:3    | XOM: swap monsters
 93421 | Zot:3    | Identified the +2 flail of Pephijaf {flame, rC++}
 93438 | Zot:3    | XOM: give mutations
 93438 | Zot:3    | Gained mutation: You expend magic power (3 MP) to
                  | strengthen your wands. [Xom's mischief]
 93438 | Zot:3    | Gained mutation: You are weak. (Str -2) [Xom's mischief]
 93438 | Zot:3    | Lost mutation: Your flesh is cold resistant. (rC+) [Xom's
                  | mischief]
 93438 | Zot:3    | Gained mutation: You have a beak for a mouth. [Xom's
                  | mischief]
 93444 | Zot:3    | XOM: blink monster(s)
 93563 | Zot:3    | XOM: summons 12 hostile demons
 93629 | Zot:3    | XOM: butterfly on damage
 93632 | Zot:3    | XOM: chaos cloud
 93635 | Zot:3    | XOM: polymorph wandering mushroom -> oklob plant
 93637 | Zot:3    | XOM: give mutations
 93637 | Zot:3    | Gained mutation: Your flesh is heat resistant. (rF+) [Xom's
                  | mischief]
 93637 | Zot:3    | Gained mutation: Your flesh is very heat resistant. (rF++)
                  | [Xom's mischief]
 93637 | Zot:3    | Lost mutation: Your system is resistant to poisons. (rPois)
                  | [Xom's mischief]
 93637 | Zot:3    | Lost mutation: Your health recovers twice as slowly from
                  | being drained. [Xom's mischief]
 93936 | Zot:3    | XOM: destruction
 93942 | Zot:3    | XOM: summons friendly ufetubus
 93965 | Zot:3    | XOM: scenery: create altars
 93987 | Zot:3    | XOM: enchant monster (good)
 94360 | Zot:3    | XOM: silly message
 94444 | Zot:3    | XOM: scenery: summon butterflies
 94958 | Zot:3    | XOM: give mutations
 94958 | Zot:3    | Gained mutation: You are agile. (Dex +4, Str/Int -1) [Xom's
                  | grace]
 94958 | Zot:3    | Lost mutation: You have a beak for a mouth. [Xom's grace]
 94958 | Zot:3    | Gained mutation: You have very sharp teeth. [Xom's grace]
 94958 | Zot:3    | Gained mutation: You are robust. (+10% HP) [Xom's grace]
 94958 | Zot:3    | Gained mutation: You are somewhat resistant to further
                  | mutation. [Xom's grace]
 95695 | Zot:3    | XOM: scenery: 3 fountains blood, 1 doors close
 95763 | Zot:2    | XOM: silly message
 95766 | Zot:2    | Reached skill level 15 in Air Magic
 96341 | Zot:2    | XOM: summons 3 hostile shadow creatures
 96362 | Zot:2    | XOM: give mutations
 96362 | Zot:2    | Gained mutation: You occasionally lose the ability to read
                  | scrolls when taking damage. [Xom's mischief]
 96362 | Zot:2    | Gained mutation: Your body sometimes deteriorates upon
                  | taking damage. [Xom's mischief]
 96365 | Zot:2    | HP: 7/279 [purple draconian shifter/bolt of dispelling
                  | energy[a green draconian monk] (39)]
 96365 | Zot:2    | Lost mutation: Your body sometimes deteriorates upon taking
                  | damage. [mutagenic glow]
 96369 | Zot:2    | XOM: 1-stop teleportation journey
 97094 | Zot:2    | XOM: summons 11 hostile demons
 97101 | Zot:2    | XOM: give mutations
 97101 | Zot:2    | Gained mutation: You are partially covered in large bone
                  | plates. (SH +4) [Xom's mischief]
 97101 | Zot:2    | Gained mutation: Your spells are a little harder to cast,
                  | but a little more powerful. [Xom's mischief]
 97181 | Zot:2    | XOM: chaos upgrade
 97222 | Zot:2    | XOM: summons 2 hostile demons
 97360 | Zot:2    | XOM: give mutations
 97360 | Zot:2    | Lost mutation: You are somewhat resistant to further
                  | mutation. [Xom's mischief]
 97360 | Zot:2    | Lost mutation: You have very sharp teeth. [Xom's mischief]
 97360 | Zot:2    | Gained mutation: Potions are less effective at restoring
                  | your health. [Xom's mischief]
 97360 | Zot:2    | Lost mutation: Your spells are a little harder to cast, but
                  | a little more powerful. [Xom's mischief]
 97863 | Zot:4    | Noticed an ancient lich
 97909 | Zot:4    | XOM: potion effect (brilliance)
 97911 | Zot:4    | XOM: noise
 97917 | Zot:4    | XOM: 1-stop teleportation journey
 98016 | Zot:4    | XOM: give mutations
 98016 | Zot:4    | Lost mutation: You occasionally lose the ability to read
                  | scrolls when taking damage. [Xom's mischief]
 98016 | Zot:4    | Lost mutation: Your flesh is very heat resistant. (rF++)
                  | [Xom's mischief]
 98187 | Zot:4    | XOM: silly message
 98303 | Zot:4    | XOM: 2-stop teleportation journey
 98307 | Zot:4    | XOM: 4-stop teleportation journey
 98310 | Zot:4    | XOM: smoke on damage
 98319 | Zot:4    | XOM: 1-stop teleportation journey
 98320 | Zot:4    | XOM: enchant monster (good)
 98460 | Zot:4    | XOM: polymorph wolf spider -> glowing shapeshifter
 98781 | Zot:4    | XOM: swap monsters
 98823 | Zot:4    | XOM: 1-stop teleportation journey
 99026 | Zot:4    | XOM: 6-stop teleportation journey
 99053 | Zot:4    | XOM: confuse monster(s)
 99344 | Zot:4    | XOM: god gift: Jeroqem's Reference Book on Toxins and Fumes
                  | {god gift}
 99347 | Zot:4    | Got Jeroqem's Reference Book on Toxins and Fumes {god gift}
 99407 | Zot:4    | XOM: scenery: create altars
 99557 | Zot:5    | Entered Level 5 of the Realm of Zot
 99708 | Zot:4    | XOM: god gift: Necronomicon
 99777 | Zot:4    | XOM: stat loss: -1 Dex (12/13)
 99823 | Zot:4    | XOM: give mutation
 99823 | Zot:4    | Lost mutation: You are robust. (+10% HP) [Xom's mischief]
 99833 | Zot:4    | Learned a level 8 spell: Borgnjor's Revivification
 99905 | Zot:5    | Reached skill level 1 in Necromancy
 99949 | Zot:5    | XOM: give mutations
 99949 | Zot:5    | Gained mutation: You are strong-willed. (Will+) [Xom's
                  | grace]
 99949 | Zot:5    | Lost mutation: You are weak. (Str -2) [Xom's grace]
100234 | Zot:5    | XOM: divine lightning
100235 | Zot:5    | Reached skill level 5 in Necromancy
100413 | Zot:5    | Upgraded the game from 0.32-a0-418-g34023cf50c to
                  | 0.32-a0-427-g448f42529f
100863 | Zot:5    | XOM: scenery: summon butterflies
100942 | Zot:5    | XOM: god gift: book of the Spheres
101276 | Zot:5    | XOM: summons 2 hostile demons
101354 | Zot:5    | Noticed an orb of fire
101364 | Zot:5    | Killed an orb of fire
101385 | Zot:5    | Noticed an orb of fire
101388 | Zot:5    | Gained mutation: You do not regenerate when monsters are
                  | visible. [an orb of fire]
101394 | Zot:5    | Lost mutation: You expend magic power (3 MP) to strengthen
                  | your wands. [an orb of fire]
101398 | Zot:5    | Gained mutation: You sometimes lose your temper in combat.
                  | [an orb of fire]
101404 | Zot:5    | Noticed an orb of fire
101411 | Zot:5    | Killed an orb of fire
101421 | Zot:5    | XOM: divine lightning
101428 | Zot:5    | Killed an orb of fire
101537 | Zot:5    | Noticed an ancient lich
101546 | Zot:5    | Killed an ancient lich
101549 | Zot:5    | XOM: 1-stop teleportation journey
101793 | Zot:5    | Lost mutation: You are partially covered in large bone
                  | plates. (SH +4) [potion of mutation]
101793 | Zot:5    | Lost mutation: You do not regenerate when monsters are
                  | visible. [potion of mutation]
101793 | Zot:5    | Lost mutation: You are agile. (Dex +4, Str/Int -1) [potion
                  | of mutation]
101793 | Zot:5    | Lost mutation: Your flesh is heat resistant. (rF+) [potion
                  | of mutation]
101793 | Zot:5    | Lost mutation: You are partially covered in iridescent
                  | scales. (AC +2) [potion of mutation]
101793 | Zot:5    | Lost mutation: You sometimes lose your temper in combat.
                  | [potion of mutation]
101829 | Zot:5    | Noticed a dread lich
101835 | Zot:5    | Noticed an ancient lich
101837 | Zot:5    | Killed a dread lich
101844 | Zot:5    | Noticed an ancient lich
101864 | Zot:5    | Killed an ancient lich
101865 | Zot:5    | Reached skill level 10 in Necromancy
101869 | Zot:5    | Killed an ancient lich
102021 | Zot:5    | XOM: polymorph Orb Guardian -> steelbarb worm
102236 | Zot:5    | Noticed an ancient lich
102241 | Zot:5    | XOM: summons friendly ufetubus
102249 | Zot:5    | Killed an ancient lich
102416 | Zot:5    | XOM: 1-stop teleportation journey
102482 | Zot:5    | Noticed an ancient lich
102496 | Zot:5    | Killed an ancient lich
102626 | Zot:5    | Noticed an ancient lich
102641 | Zot:5    | Killed an ancient lich
102906 | Zot:5    | XOM: god gift: scroll of teleportation
102929 | Zot:5    | XOM: swap monsters
102932 | Zot:5    | XOM: enchant monster (good)
102957 | Zot:5    | XOM: noise
103076 | Zot:5    | Noticed a dread lich
103085 | Zot:5    | XOM: chaos cloud
103088 | Zot:5    | XOM: silly message
103092 | Zot:5    | Killed a dread lich
103217 | Zot:5    | XOM: swap monsters
103241 | Zot:5    | XOM: enchant monster (good)
103242 | Zot:5    | XOM: cleaving
103250 | Zot:5    | XOM: give mutations
103250 | Zot:5    | Gained mutation: You have a pair of small antennae on your
                  | head. [Xom's grace]
103250 | Zot:5    | Gained mutation: You are partially covered in iridescent
                  | scales. (AC +2) [Xom's grace]
103398 | Zot:5    | Noticed an orb of fire
103402 | Zot:5    | Noticed a dread lich
103407 | Zot:5    | XOM: butterfly on damage
103410 | Zot:5    | XOM: potion effect (heal wounds)
103498 | Zot:5    | XOM: give mutations
103498 | Zot:5    | Gained mutation: You are mostly covered in iridescent
                  | scales. (AC +4) [Xom's grace]
103498 | Zot:5    | Gained mutation: You have hidden genetic potential. [Xom's
                  | grace]
103498 | Zot:5    | Gained mutation: Your spells are a little harder to cast,
                  | but a little more powerful. [Xom's grace]
103498 | Zot:5    | Gained mutation: Your system is resistant to poisons.
                  | (rPois) [Xom's grace]
103601 | Zot:5    | Gained mutation: You are dopey. (Int -2) [an orb of fire]
103602 | Zot:5    | Gained mutation: You are frail. (-10% HP) [an orb of fire]
103605 | Zot:5    | Gained mutation: You are clumsy. (Dex -2) [an orb of fire]
103612 | Zot:5    | Killed an orb of fire
103633 | Zot:5    | XOM: give mutations
103633 | Zot:5    | Lost mutation: You are frail. (-10% HP) [Xom's grace]
103633 | Zot:5    | Gained mutation: Your spells are harder to cast, but more
                  | powerful. [Xom's grace]
103633 | Zot:5    | Gained mutation: You are robust. (+10% HP) [Xom's grace]
103792 | Zot:5    | XOM: silly message
103814 | Zot:5    | XOM: silly message
103815 | Zot:5    | Got the Orb of Zot
103898 | Zot:5    | XOM: cleaving
103922 | Zot:4    | XOM: summons 4 hostile shadow creatures
103936 | Zot:4    | Killed an ancient lich
104028 | Zot:2    | Noticed Foitabir the pandemonium lord
104085 | Zot:1    | Reached skill level 15 in Necromancy
104238 | D:15     | Noticed Kitaveg the pandemonium lord
104332 | D:8      | XOM: summons 2 hostile shadow creatures
104545 | D:$      | Escaped with the Orb!

Illustrated notes

Levels and vault maps discovered:
D:1:      dpeg_arrival_rooms_c, layout_basic, nicolae_nh_oracle_at_delphi
D:2:      layout_loops_cross
D:3:      layout_rooms, dreamdust_ecumenical_altar_drowned_temple, uniq_jessica
D:4:      layout_basic, chequers_ossuary_entry_cave,
          serial_library_regret_index_headful
D:5:      layout_basic, mainiacjoe_overflow_two_lobes,
          nicolae_overflow_crystal_walls
D:6:      layout_rooms, temple_pool_b, gammafunk_ghost_split,
          gup_sewer_entry_pipe, roadster_capsule_ark_zombie
D:7:      layout_loops_ring, mainiacjoe_overflow_concentric_impassable,
          minmay_misc_feat_alley, kennysheep_generic_room_2
D:8:      layout_rooms, lemuel_doored_altar, centaur_isle
D:9:      due_megacathedral, layout_loops_ring, minmay_lair_entry_grove,
          uniq_erica
D:10:     layout_basic, kennysheep_windowed_goal
D:11:     layout_grid_maze, serial_shops, kennysheep_mini_moat
D:12:     layout_roguey [special_room_orc], david_orc_5, minmay_shop_grid_forest
D:13:     layout_grid_maze, lemuel_blue_sif_altar
D:14:     layout_basic, hellmonk_vaults_keyhole,
          pdpol_wu_jian_five_deadly_venoms
D:15:     hellmonk_depths_entry_around_the_bend, layout_irregular_city,
          serial_bayou_ford_a
Lair:1:   layout_gridlike, serial_bayou_pond_c
Lair:2:   layout_roguey, serial_bayou_shore_b
Lair:3:   layout_regular_city, minmay_shoals_entry_lonely_mermaid,
          guppyfry_snake_entry_island, lemuel_fruit_tree
Lair:4:   layout_hall_layers, dpeg_slime_entry_enclosed, grunt_megastairs_2
Lair:5:   evilmike_catoblepas_cave, layout_loops_ring, serial_bayou_shore_a
Shoals:1: layout_shoals, uniq_kirke
Shoals:2: layout_shoals, uniq_ilsuiw
Shoals:3: nicolae_shoals_offshore_bank_account, layout_shoals, uniq_louise,
          uniq_polyphemus
Shoals:4: shoals_end_hellmonk_lost_city
Snake:1:  layout_misc_corridors, drop_trap
Snake:2:  layout_layer_cave, hangedman_snake_thin_pillar_pass, uniq_jorgrun,
          uniq_vashnia, uniq_nikola
Snake:3:  layout_gridlike, serial_shops, shop, uniq_aizul, uniq_mara, uniq_agnes
Snake:4:  snake_pit_salamanders_mu, layout_chambers, serial_shops, bzr_firewalk
Slime:1:  layout_caves
Slime:2:  layout_caves
Slime:3:  layout_caves
Slime:4:  layout_caves
Slime:5:  slime_pit
Orc:1:    layout_caves, serial_shops, nicolae_shop_trees
Orc:2:    grunt_orc_community_town_hall, layout_caves,
          grunt_orc_community_big_house_1, grunt_orc_community_big_house_2,
          grunt_orc_community_house_2, grunt_orc_community_house_1,
          grunt_orc_community_house_1, grunt_orc_community_house_3,
          grunt_orc_community_house_3, hellmonk_talismancer
Elf:1:    layout_geoelf_diagonals, minmay_elf_necromancy,
          nicolae_elf_big_sculpture_3, nicolae_twisty_statue_hallways
Elf:2:    nicolae_elf_blades_splatter_lattice [mumra_blade_entry_bloodbath],
          layout_gridlike, portal_ice_cave_entry_ugly_swarm, serial_shops,
          nicolae_shop_back_alley_shop, amethyst_killhole
Elf:3:    minmay_elf_hall, layout_geoelf_octagon,
          nicolae_shop_overcharged_wands, minmay_shop_star
Vaults:1: nicolae_vaults_loss_of_containment, ontoclasm_vaults_ring_small,
          v_misc_18, nicolae_vaults_little_squares_1, nicolae_vaults_little_ls,
          nicolae_vaults_asterisk, nicolae_vaults_tangram_2,
          nicolae_vaults_storage_closets_2, nicolae_vaults_trapezoid_lopsided_3,
          vaults_mumra_minichess, nicolae_vaults_taking_the_gang_shopping,
          vaults_mumra_chevron_long, nicolae_vaults_specimen_jars,
          layout_vaults_big_room, serial_shops, nicolae_shop_stone,
          uniq_asterion
Vaults:2: v_misc_18, nicolae_vaults_trapezoid_lopsided_3, vaults_room_corners,
          nicolae_vaults_twisting_passages, nicolae_vaults_storage_room_water,
          hangedman_vaults_stagger, hangedman_vaults_nodes,
          ontoclasm_vaults_fault, nicolae_vaults_double_plus_1,
          nicolae_vaults_wrenched, nicolae_vaults_little_squares_4,
          vaults_room_ringed_pool, layout_vaults_big_cross
Vaults:3: minmay_crypt_entry_simple_corners, v_misc_18,
          vaults_standard_mumra_enter_the_diamond, v_pattern_1,
          nicolae_vaults_alarming, nicolae_vaults_murderbox, v_misc_29,
          nicolae_vaults_wine_cellar, ontoclasm_vaults_pinch,
          nicolae_vaults_trapezoid_3, nicolae_vaults_offset_grid_hallway_3,
          nicolae_vaults_double_plus_1, layout_vaults_ring, serial_shops,
          nicolae_shop_getting_attention, shop, nicolae_shop_tiny_waterfront,
          nicolae_shop_real_fake_doors
Vaults:4: ebering_ghost_reflecting_pool, nicolae_vaults_layer_cake_slice,
          vaults_room_door_hall, vaults_dpeg_spiral,
          nicolae_vaults_storage_room_statues, nicolae_vaults_tetromino_Z_1,
          v_misc_23, nicolae_vaults_turnstiles, ontoclasm_vaults_chip,
          nicolae_vaults_variable_pillar_hall, layout_vaults_quadrants
Vaults:5
Crypt:1:  layout_chaotic_city, nicolae_crypt_paired_memorials
Crypt:2:  dreamdust_cat_pyramid, layout_rooms
Crypt:3:  david_glass_crypt, layout_rooms, tomb_entry_forgotten_bobbens,
          uniq_khufu
Depths:1: layout_gridlike, enter_ziggurat_c, amcnicky_mini_pool_small,
          grunt_hell_entry_dis_mu, abyss_entry, rand_demon_pan_entry_4,
          ploomutoo_gammafunk_ghost_potion_laboratory, grunt_gozag_breadcrumbs
Depths:2: kennysheep_cluttered_fort, layout_gridlike, hell_entry,
          minmay_misc_feat_tiny, serial_glass, glass_columns_a, glass_columns_c,
          rand_demon_pan_entry_5, nicolae_the_louvre, serial_bayou_shore_b
Depths:3: hangedman_cross_stitches, layout_long_grid, lightli_too_deep,
          fedhas_altar_4, nicolae_abyss_entry_one_way_or_another,
          chei_slow_surprise, serial_bayou_shore_b
Depths:4: grunt_zot_entry_funnels, layout_gridlike, hangedman_geh_valley,
          kennysheep_random_hallway
Zot:1:    layout_gridlike, nicolae_diode_basic, uniq_parghit
Zot:2:    cheibrodos_frozen_isle, layout_concentric_octagons,
          regret_index_zotdec_barnacled_simple, grunt_megastairs_1
Zot:3:    layout_misc_corridors, skrybe_zot_glass_3, grunt_megastairs_3
Zot:4:    ebering_klown_carousel, layout_misc_corridors
Zot:5:    layout_misc_corridors

Skill      XL: |  1  2  3  4  5  6  7  8  9 10 11 12 13 14 15 16 17 18 19 20 21 22 23 24 25 26 27 |
---------------+----------------------------------------------------------------------------------+-----
Dodging        | 1 2 3 4 |  4.8
Axes           | 4 5 6 |  6.8
Armour         | 3 4 5 6 7 8 9 10 11 12 13 14 15 | 15.7
Fighting       | 4 5 6 7 8 9 10 11 12 13 14 16 17 18 19 20 21 22 | 22.1
Staves         | 2 4 6 7 8 9 10 11 12 | 12.0
Fire Magic     | 2 4 6 7 9 10 11 12 13 14 15 16 17 | 17.0
Evocations     | 2 5 7 8 10 12 13 14 15 16 17 | 17.6
Shields        | 1 4 5 7 8 9 10 11 12 13 14 15 16 17 18 | 18.3
Spellcasting   | 2 3 4 5 6 7 8 9 10 11 12 13 14 15 | 15.3
Conjurations   | 2 4 5 6 8 9 10 11 12 13 | 13.6
Alchemy        | 3 4 |  4.0
Summonings     | 3 4 |  4.9
Air Magic      | 2 5 7 8 9 10 11 13 16 | 16.9
Translocations | 3 |  3.0
Maces & Flails | 8 13 | 13.2
Necromancy     | 15 | 15.2

Action                     |  1- 3 |  4- 6 |  7- 9 | 10-12 | 13-15 | 16-18 | 19-21 | 22-24 | 25-27 || total
---------------------------+-------+-------+-------+-------+-------+-------+-------+-------+-------++-------
  Melee: Hand axe          |    65 |   185 |   515 |   191 |       |       |       |       |       ||   956
         Morningstar       |       |       |    10 |       |       |       |       |       |       ||    10
         Kick              |       |       |       |   162 |   370 |   195 |       |       |       ||   727
         Staff             |       |       |       |   390 |   822 |   925 |  1288 |  1559 |   608 ||  5592
         Peck              |       |       |       |       |    73 |       |       |       |    37 ||   110
         Headbutt          |       |       |       |       |       |   272 |   188 |       |       ||   460
         Eveningstar       |       |       |       |       |       |       |       |       |  1072 ||  1072
         Bite              |       |       |       |       |       |       |       |       |    31 ||    31
  Throw: Dart              |       |       |       |       |     2 |     1 |       |       |       ||     3
   Cast: Scorch            |       |       |    68 |   287 |   335 |   243 |    93 |    55 |    23 ||  1104
         Flame Wave        |       |       |       |     3 |    60 |    22 |    24 |     2 |     1 ||   112
         Fireball          |       |       |       |       |    22 |   244 |    45 |    27 |    39 ||   377
         Sticky Flame      |       |       |       |       |       |    96 |    70 |    31 |    20 ||   217
         Mephitic Cloud    |       |       |       |       |       |    19 |     4 |       |       ||    23
         Vhi's Electric Ch |       |       |       |       |       |       |     4 |     2 |     1 ||     7
         Summon Lightning  |       |       |       |       |       |       |     6 |    19 |     4 ||    29
         Arcjolt           |       |       |       |       |       |       |    76 |   199 |   131 ||   406
         Plasma Beam       |       |       |       |       |       |       |     6 |   165 |   237 ||   408
         Blink             |       |       |       |       |       |       |       |     2 |     6 ||     8
         Irradiate         |       |       |       |       |       |       |       |       |    11 ||    11
  Evoke: Wand              |       |       |     2 |    16 |     8 |    13 |     4 |    13 |    44 ||   100
         Sack of spiders   |       |       |       |       |       |     1 |     1 |     2 |     2 ||     6
         Lightning rod     |       |       |       |       |       |       |     1 |       |       ||     1
         Phial of floods   |       |       |       |       |       |       |       |     1 |       ||     1
         Phantom mirror    |       |       |       |       |       |       |       |       |     1 ||     1
    Use: Potion            |     1 |     3 |     8 |     5 |     3 |     2 |     1 |    14 |    58 ||    95
         Scroll            |       |     1 |     5 |    19 |    17 |     8 |    11 |     9 |    23 ||    93
   Stab: Paralysed         |     2 |       |     1 |       |       |     2 |       |       |       ||     5
         Distracted        |       |     1 |     4 |     3 |       |     3 |     2 |     2 |     1 ||    16
         Petrified         |       |       |    12 |    17 |    11 |    13 |     3 |       |     3 ||    59
         Confused          |       |       |     5 |     2 |     2 |    28 |     3 |     5 |       ||    45
         Invisible         |       |       |    19 |       |       |       |     2 |       |       ||    21
         Petrifying        |       |       |       |       |     1 |       |       |       |       ||     1
         Sleeping          |       |       |       |       |       |       |     1 |       |     1 ||     2
 Armour: Leather armour    |    31 |   115 |   335 |    10 |       |       |       |       |       ||   491
         Skin              |       |    43 |       |       |       |       |       |       |       ||    43
         Scale mail        |       |       |       |   535 |    49 |       |       |       |       ||   584
         Ring mail         |       |       |       |       |   371 |   636 |  1011 |   870 |       ||  2888
         Plate armour      |       |       |       |       |       |       |       |   515 |  1780 ||  2295
  Dodge: Dodged            |    32 |   115 |   330 |   596 |   419 |   267 |   439 |   436 |   342 ||  2976
  Block: Buckler           |       |       |    46 |   369 |   114 |       |       |       |       ||   529
         Kite shield       |       |       |       |       |   579 |   930 |   899 |  1115 |  1204 ||  4727

Table legend: (Time is in decaauts)
 A = Elapsed time spent in this place.
 B = Non-inter-level travel time spent in this place.
 C = Inter-level travel time spent in this place.
 D = Time resting spent in this place.
 E = Time spent auto-exploring this place.
 F = Levels seen in this place.
 G = Mean time per level.
                   A        B        C        D        E       F      G
               +--------+--------+--------+--------+--------+-----+--------+
         Total | 103186 |  95802 |   7384 |  33602 |  43306 |  68 | 1517.4 |
       Dungeon |  21965 |  19159 |   2806 |   4738 |  10681 |  15 | 1464.3 |
          Lair |   9563 |   8472 |   1091 |   1949 |   4655 |   5 | 1912.6 |
        Shoals |   5415 |   5114 |    301 |   1487 |   2719 |   4 | 1353.8 |
     Snake Pit |  10650 |  10121 |    529 |   4242 |   4043 |   4 | 2662.5 |
    Slime Pits |   3836 |   3687 |    149 |   2386 |    487 |   5 |  767.2 |
  Orcish Mines |   3159 |   2807 |    352 |   1108 |   1069 |   2 | 1579.5 |
   Elven Halls |   5313 |   4785 |    528 |   1245 |   2306 |   3 | 1771.0 |
        Vaults |  10169 |   9463 |    706 |   1662 |   5848 |   5 | 2033.8 |
         Crypt |   6122 |   5960 |    162 |   2997 |   2047 |   3 | 2040.7 |
        Depths |   9403 |   8945 |    458 |   3116 |   4372 |   4 | 2350.8 |
           Zot |  14255 |  13958 |    297 |   7365 |   4151 |   5 | 2851.0 |
      Ziggurat |   1103 |   1103 |      0 |    781 |      3 |   9 |  122.6 |
        Bazaar |    166 |    166 |      0 |      0 |     77 |   1 |  166.0 |
         Sewer |    324 |    324 |      0 |      7 |    206 |   1 |  324.0 |
       Ossuary |    952 |    952 |      0 |    435 |    240 |   1 |  952.0 |
      Ice Cave |    782 |    782 |      0 |     81 |    398 |   1 |  782.0 |
               +--------+--------+--------+--------+--------+-----+--------+

Top non-repeatable levels by time:
 Snake:2: 4218 daAuts
   Zot:5: 3954 daAuts
Depths:1: 3513 daAuts
   Zot:2: 3445 daAuts
   Zot:3: 3305 daAuts
 Snake:4: 3096 daAuts
  Lair:3: 2749 daAuts
Vaults:5: 2735 daAuts
   Elf:3: 2553 daAuts
 Snake:1: 2542 daAuts
Depths:4: 2382 daAuts
 Crypt:1: 2332 daAuts
     D:9: 2232 daAuts
  Lair:2: 2191 daAuts
    D:11: 2182 daAuts
